 Dungeon Crawl Stone Soup version 0.30-a0-779-g7971cf19c3 (webtiles) character file.

Game seed: 6015982984744808742

9470716 voronchuk the Archmage (level 27, 192/192 HPs)
             Began as a Deep Elf Conjurer on Feb 14, 2023.
             Was the Champion of Vehumet.
             Escaped with the Orb
             ... and 15 runes on Feb 17, 2023!
             The game lasted 19:31:34 (182902 turns).

voronchuk the Archmage (Deep Elf Conjurer)        Turns: 182902, Time: 19:31:35

Health: 192/192    AC: 30    Str:  6    XL:     27
Magic:  64/64      EV: 30    Int: 43    God:    Vehumet [******]
Gold:   14264      SH: 21    Dex: 20    Spells: 0/80 levels left

rFire   + + +      SeeInvis +    u - +5 short sword "Qipia" {flame, Drain rC++ Will+++ Int-3}
rCold   + + .      Faith    .    t - +5 kite shield {reflect}
rNeg    . . .      Spirit   +    E - +4 moon troll leather armour {Spirit, Regen++ MP+5}
rPois   .          Reflect  +    m - +2 helmet {SInv}
rElec   +          Harm     .    B - +4 dragonskin cloak
rCorr   +          Rampage  .    I - +2 pair of gloves {Dex+3}
Will    +++++      Clarity  +    F - +2 pair of boots {Fly}
Stlth   ++                       L - amulet "Ythrun" {RegenMP Int+2}
HPRegen 2.12/turn                Z - ring "Sogo" {rF++ rCorr Str+2 Int+6}
MPRegen 0.79/turn                e - ring "Awoijeoth" {Wiz rElec rF+ MP+9 Dex+4}

@: flying, studying 8 skills
A: hooves 1, clarity, low MP 1, wild magic 1, noise suppression
0: Orb of Zot
}: 15/15 runes: barnacled, slimy, silver, golden, iron, obsidian, icy, bone,
abyssal, demonic, glowing, magical, fiery, dark, gossamer
a: Renounce Religion


You escaped.
You worshipped Vehumet.
Vehumet was exalted by your worship.
You visited 18 branches of the dungeon, and saw 88 of its levels.
You visited Pandemonium 2 times, and saw 12 of its levels.
You visited the Abyss 12 times.
You visited 1 bazaar.
You visited 2 ziggurats (completing 1), and saw 53 of their levels.
You also visited: Trove, Ossuary and Desolation.

You collected 22780 gold pieces.
You spent 8516 gold pieces at shops.

Inventory:

Hand Weapons
 r - the +7 sceptre of Asmodeus
   (You took it off Asmodeus on level 7 of Gehenna)

   Wielding it grants the ability to summon fiery demons, with success rate
   depending on Evocations skill.
   Those summoned this way will remain friendly only for a limited time.
 u - the +5 short sword "Qipia" (weapon) {flame, Drain rC++ Will+++ Int-3}
   (You took it off a hobgoblin on level 4 of the Dungeon)

   Int:       It affects your intelligence (-3).
   rC:        It greatly protects you from cold.
   Drain:     It drains your maximum health when unequipped.
   Will:      It greatly increases your willpower.
 C - the +4 staff of Dispater
   (You took it off Dispater on level 7 of the Iron City of Dis)

   Wielding it grants the ability to hurl damnation at the cost of health and
   magic, with strength depending on Evocations skill.
Missiles
 d - 9 silver javelins
 p - 12 throwing nets (quivered)
Armour
 m - a +2 helmet of see invisible (worn)
 t - a +5 kite shield of reflection (worn)
 B - the +4 dragonskin cloak (worn)
   (You took it off Tiamat on level 5 of the Realm of Zot)

   Avatar's Aegis: It grants the wearer a chance to resist fire, cold, poison,
   electricity, acid, and negative energy.
 E - the +4 moon troll leather armour (worn) {Spirit, Regen++ MP+5}
   (You found it on level 20 of a ziggurat)

   MP:        It affects your magic capacity (+5).
   Regen:     It increases your rate of health regeneration.
 F - a +2 pair of boots of flying (worn)
 I - a +2 pair of gloves of dexterity (worn)
Jewellery
 e - the ring "Awoijeoth" (right hand) {Wiz rElec rF+ MP+9 Dex+4}
   (You found it in a treasure trove)

   [ring of wizardry]

   It improves your spell success rate.
   Dex:       It affects your dexterity (+4).
   rF:        It protects you from fire.
   rElec:     It insulates you from electricity.
   MP:        It affects your magic capacity (+9).
 g - the ring of Ymnuav {MP+9 Str+6 SInv}
   (You found it on level 27 of a ziggurat)

   [ring of strength]

   Str:       It affects your strength (+6).
   MP:        It affects your magic capacity (+9).
   SInv:      It lets you see invisible.
 l - the ring "Ugeqiuc" {+Blink rF+++ Will+ Int-3 Stlth-}
   (You took it off an imperial myrmidon in the Desolation of Salt)

   [ring of willpower]

   Int:       It affects your intelligence (-3).
   rF:        It renders you almost immune to fire.
   +Blink:    It lets you blink.
   Will:      It increases your willpower.
   Stlth:     It makes you less stealthy.
 L - the amulet "Ythrun" (around neck) {RegenMP Int+2}
   (You found it on level 14 of the Dungeon)

   [amulet of magic regeneration]

   It increases your rate of magic regeneration.
   Int:       It affects your intelligence (+2).
 M - the dreamshard necklace {*Dream Drain}
   (You found it on level 19 of a ziggurat)

   [amulet of nothing]

   *Dream:    It shatters if its wearer takes lethal or near-lethal damage,
   preventing the blow and releasing protective dreams that heal and fight for
   the wearer.
   Drain:     It drains your maximum health when unequipped.
 Z - the ring "Sogo" (left hand) {rF++ rCorr Str+2 Int+6}
   (You found it on level 14 of a ziggurat)

   [ring of intelligence]

   Str:       It affects your strength (+2).
   Int:       It affects your intelligence (+6).
   rF:        It greatly protects you from fire.
   rCorr:     It protects you from acid and corrosion.
Wands
 Y - a wand of quicksilver (18)
Scrolls
 b - 20 scrolls of immolation
 h - 48 scrolls of teleportation
 j - 3 scrolls of summoning
 o - 16 scrolls of amnesia
 x - 12 scrolls of fear
 D - 19 scrolls of blinking
 G - 34 scrolls of fog
 J - 19 scrolls of vulnerability
 R - 5 scrolls of torment
Potions
 c - 35 potions of curing
 f - 12 potions of invisibility
 i - 16 potions of cancellation
 k - 20 potions of ambrosia
 n - 12 potions of heal wounds
 s - 4 potions of magic
 K - 16 potions of mutation
 O - 6 potions of brilliance
 T - 18 potions of haste
 V - 5 potions of resistance
Miscellaneous
 a - the horn of Geryon
 y - a lightning rod (4/4)
 A - a +1 figurine of a ziggurat
 Q - a phantom mirror


   Skills:
 * Level 24.6 Fighting
 + Level 8.6 Short Blades
 + Level 8.0 Axes
 + Level 8.2 Staves
 * Level 21.5 Throwing
 * Level 22.3 Armour
 O Level 27 Dodging
 + Level 9.2 Stealth
 * Level 20.0 Shields
 O Level 27 Spellcasting
 O Level 27 Conjurations
 + Level 22.2 Hexes
 + Level 13.3 Summonings
 O Level 27 Necromancy
 + Level 4.0 Translocations
 + Level 20.6 Transmutations
 O Level 27 Fire Magic
 * Level 23.7 Ice Magic
 O Level 27 Earth Magic
 * Level 23.1 Evocations


You couldn't memorise any spells.
You knew the following spells:

 Your Spells              Type           Power      Damage    Failure   Level
a - Ignition              Fire           77%        3d20      1%          8
b - Fire Storm            Conj/Fire      77%        8d19      1%          9
c - Death's Door          Necr           77%        N/A       1%          9
g - Spellforged Servitor  Conj/Summ      70%        N/A       1%          7
i - Discord               Hex            72%        N/A       1%          8
k - Borgnjor's Vile Clut  Necr/Erth      77%        N/A       1%          5
l - Necromutation         Tmut/Necr      74%        N/A       1%          8
m - Sublimation of Blood  Necr           100%       N/A       1%          2
o - Orb of Destruction    Conj           77%        9d17      1%          7
s - Lehudib's Crystal Sp  Conj/Erth      77%        10d17     1%          8
t - Shatter               Erth           77%        3d56*     1%          9

Your spell library contained the following spells:

 Spells                   Type           Power      Damage    Failure   Level
 Apportation              Tloc           100%       N/A       1%          1
 Beastly Appendage        Tmut           100%       N/A       1%          1
 Foxfire                  Conj/Fire      100%       2x1d9     1%          1
 Freeze                   Ice            100%       1d10      1%          1
 Kiss of Death            Conj/Necr      100%       2d13      1%          1
 Magic Dart               Conj           100%       1d8       1%          1
 Necrotise                Necr           100%       1d9       1%          1
 Sandblast                Erth           100%       2d20      1%          1
 Shock                    Conj/Air       100%       1d9       1%          1
 Sting                    Tmut/Pois      100%       1d8       1%          1
 Summon Small Mammal      Summ           100%       N/A       1%          1
 Blink                    Tloc           100%       N/A       1%          2
 Call Imp                 Summ           100%       N/A       1%          2
 Cigotuvi's Dreadful Rot  Necr/Pois/Air  100%       N/A       1%          2
 Ensorcelled Hibernation  Hex/Ice        100%       N/A       1%          2
 Lesser Beckoning         Tloc           100%       N/A       1%          2
 Momentum Strike          Conj/Tloc      100%       3d10      1%          2
 Passwall                 Tmut/Erth      100%       N/A       1%          2
 Poisonous Vapours        Pois/Air       100%       N/A       1%          2
 Scorch                   Fire           100%       2d10      1%          2
 Searing Ray              Conj           100%       2d8       1%          2
 Static Discharge         Conj/Air       100%       2-7/arc   1%          2
 Wereblood                Tmut           100%       N/A       1%          2
 Call Canine Familiar     Summ           100%       N/A       1%          3
 Confusing Touch          Hex            100%       N/A       1%          3
 Dazzling Flash           Conj/Hex       100%       N/A       1%          3
 Frozen Ramparts          Ice            100%       1d16      1%          3
 Gell's Gravitas          Tloc           88%        N/A       1%          3
 Hailstorm                Conj/Ice       100%       3d20      1%          3
 Ignite Poison            Fire/Tmut/Pois 100%       N/A       1%          3
 Inner Flame              Hex/Fire       100%       N/A       1%          3
 Kindle Blastsparks       Fire/Tloc/Air  100%       2d18      1%          3
 Mephitic Cloud           Conj/Pois/Air  100%       N/A       1%          3
 Ozocubu's Armour         Ice            100%       N/A       1%          3
 Portal Projectile        Hex/Tloc       100%       N/A       1%          3
 Spider Form              Tmut/Pois      100%       N/A       1%          3
 Stone Arrow              Conj/Erth      100%       3d13      1%          3
 Summon Guardian Golem    Hex/Summ       100%       N/A       1%          3
 Swiftness                Air            66%        N/A       1%          3
 Teleport Other           Tloc           88%        N/A       1%          3
 Tukima's Dance           Hex            100%       N/A       1%          3
 Vampiric Draining        Necr           100%       2d13      1%          3
 Vhi's Electric Charge    Tloc/Air       100%       N/A       1%          3
 Airstrike                Air            33%        2d(5-21)  1%          4
 Anguish                  Hex/Necr       75%        N/A       1%          4
 Animate Armour           Summ/Erth      100%       N/A       1%          4
 Animate Dead             Necr           100%       N/A       1%          4
 Cause Fear               Hex            72%        N/A       1%          4
 Dispel Undead            Necr           100%       3d31      1%          4
 Flame Wave               Conj/Fire      100%       2d21      1%          4
 Fulminant Prism          Conj/Hex       75%        3d31      1%          4
 Ice Form                 Ice/Tmut       100%       N/A       1%          4
 Iskenderun's Mystic Bla  Conj/Tloc      100%       2d19      1%          4
 Leda's Liquefaction      Hex/Erth       75%        N/A       1%          4
 Manifold Assault         Tloc           88%        N/A       1%          4
 Olgreb's Toxic Radiance  Pois           66%        N/A       1%          4
 Passage of Golubria      Tloc           88%        N/A       1%          4
 Petrify                  Tmut/Erth      100%       N/A       1%          4
 Sticky Flame             Conj/Fire      100%       2d11      1%          4
 Summon Ice Beast         Ice/Summ       100%       N/A       1%          4
 Summon Lightning Spire   Summ/Air       100%       N/A       1%          4
 Agony                    Necr           100%       N/A       1%          5
 Alistair's Intoxication  Tmut/Pois      75%        N/A       1%          5
 Arcjolt                  Conj/Air       61%        1d71      1%          5
 Blade Hands              Tmut           70%        N/A       1%          5
 Fireball                 Conj/Fire      77%        3d29      1%          5
 Freezing Cloud           Conj/Ice/Air   66%        6-21      1%          5
 Irradiate                Conj/Tmut      74%        3d36      1%          5
 Iskenderun's Battlesphe  Conj           100%       2d15      1%          5
 Lee's Rapid Deconstruct  Erth           77%        3d34*     1%          5
 Lightning Bolt           Conj/Air       61%        1d84      1%          5
 Metabolic Englaciation   Hex/Ice        73%        N/A       1%          5
 Silence                  Hex/Air        58%        N/A       1%          5
 Summon Forest            Summ/Tloc      53%        N/A       1%          5
 Summon Mana Viper        Hex/Summ       100%       N/A       1%          5
 Yara's Violent Unravell  Hex/Tmut       71%        3d26      1%          5
 Conjure Ball Lightning   Conj/Air       61%        3x3d22    1%          6
 Death Channel            Necr           77%        N/A       1%          6
 Eringya's Noxious Bog    Tmut/Pois      56%        N/A       1%          6
 Iron Shot                Conj/Erth      77%        9d14      1%          6
 Simulacrum               Ice/Necr       75%        N/A       1%          6
 Starburst                Conj/Fire      77%        6d20      1%          6
 Statue Form              Tmut/Erth      98%        N/A       1%          6
 Summon Cactus Giant      Summ           61%        N/A       1%          6
 Dragon Form              Tmut           70%        N/A       1%          7
 Enfeeble                 Hex            72%        N/A       1%          7
 Haunt                    Necr/Summ      70%        N/A       1%          7
 Monstrous Menagerie      Summ           61%        N/A       1%          7
 Ozocubu's Refrigeration  Ice            74%        4d23      1%          7
 Summon Hydra             Summ           61%        N/A       1%          7
 Borgnjor's Revivificati  Necr           77%        N/A       1%          8
 Infestation              Necr           77%        N/A       1%          8
 Polar Vortex             Ice            74%        N/A       1%          9
 Storm Form               Tmut/Air       56%        N/A       3%          7
 Malign Gateway           Summ/Tloc      53%        N/A       6%          7
 Summon Horrible Things   Summ           61%        N/A       7%          8
 Dispersal                Tloc           44%        N/A       8%          6
 Chain Lightning          Conj/Air       61%        3d82      21%         9
 Dragon's Call            Summ           61%        N/A       63%         9
 Maxwell's Capacitive Co  Air            33%        ∞         91%         8


Dungeon Overview and Level Annotations

Branches:
Dungeon (15/15)            Temple (1/1) D:6            Lair (5/5) D:11
 Shoals (4/4) Lair:3       Spider (4/4) Lair:2        Slime (5/5) Lair:4
    Orc (2/2) D:10            Elf (3/3) Orc:2        Vaults (5/5) D:13
  Crypt (3/3) Vaults:3       Tomb (3/3) Crypt:3      Depths (4/4) D:15
   Hell (visited)             Dis (7/7) Hell            Geh (7/7) Hell
    Coc (7/7) Hell            Tar (7/7) Hell            Zot (5/5) Depths:4
Ossuary (visited)         Desolation (visited)

Altars:
Ashenzari
Cheibriados
Dithmenos
Elyvilon
Fedhas
Gozag
Hepliaklqana
Kikubaaqudgha
Makhleb
Nemelex Xobeh
Okawaru
Qazlal
Ru
Sif Muna
Trog
Uskayaw
Vehumet
Wu Jian
Xom
Yredelemnul
Zin
The Shining One
Lugonu

Shops:
D:5 [   D:10 *   D:11 =**   D:13 ?   Orc:1 !([=   Orc:2 ::*(   Elf:1 [
Elf:3 (   Shoals:3 [*[*   Vaults:1 *!*   Zot:5 *   Depths:1 *(

Portals:
Hell: Depths:1 Depths:2 Depths:3 Depths:4
Abyss: Lair:5 Depths:3
Pandemonium: Depths:2

Annotations:
D:10 2 transporters


Innate Abilities, Weirdness & Mutations

You have large cloven feet.
You possess an exceptional clarity of mind.
Your magical capacity is low. (-10% MP)
Your spells are a little harder to cast, but a little more powerful.
You passively dampen the noise of your surroundings.


Message History

(D) Dungeon (T) Temple (L) Lair (A) Shoals (N) Spider Nest (M) Slime Pits (O) Orcish Mines (E) Elven Halls (V) Vaults (C) Crypt (W) Tomb (U) Depths (H) Hell (I) Dis (G) Gehenna (X) Cocytus (Y) Tartarus (Z) Zot
Where to? (Enter - D:1 @ (x,y), ? - help)
What level of the Dungeon? (default 1, ? - help)
There is a stone staircase leading up here.
Magic restored.
You fly upwards.
There is a stone staircase leading down here.
There is a stone staircase leading up here.
You fly upwards.
There is a stone staircase leading down here.
There is a stone staircase leading up here.
You fly upwards.
There is a stone staircase leading down here.
You see here a +0 leather armour.
A shadow demon comes into view.
Casting: Lehudib's Crystal Spear (mildly dangerous; 1% risk of failure)
Confirm with . or Enter, or press ? or * to list all spells.
Aiming: Lehudib's Crystal Spear (mildly dangerous; 1% risk of failure)
Press: ? - help, Shift-Dir - straight line, f - shadow demon
Aim: a shadow demon (82% to hit)
The crystal spear hits the shadow demon!!!!
You kill the shadow demon!
Vehumet accepts your kill.
You feel your power returning.
(D) Dungeon (T) Temple (L) Lair (A) Shoals (N) Spider Nest (M) Slime Pits (O) Orcish Mines (E) Elven Halls (V) Vaults (C) Crypt (W) Tomb (U) Depths (H) Hell (I) Dis (G) Gehenna (X) Cocytus (Y) Tartarus (Z) Zot
Where to? (Enter - D:1 @ (x,y), ? - help)
What level of the Dungeon? (default 1, ? - help) Magic restored.
There is a staircase leading out of the dungeon here.
Unknown command.
Char dumped successfully.
You have escaped!

#########
........#
###########
.....##.##
#.........#
####.##..#
#.♣..@..♣.#
#.....#
#.........#
#..####
####...####
#..####
#...#
#.....#
####...####
##.####
#...(.....#
###.####
#.......>.#
#......#
#.........#
#.#.####
####...####


There were no monsters in sight!

Vanquished Creatures
  Cerebov (Pan)
  Antaeus (Coc:7)
  Asmodeus (Geh:7)
  Ereshkigal (Tar:7)
  the Royal Jelly (Slime:5)
  the Serpent of Hell (Tar:7)
  Lom Lobon (Pan)
  Dispater (Dis:7)
  Mnoleg (Pan)
  12 dread liches
  13 ancient liches
  Mara (Shoals:3)
  Mennas (Depths:3)
  15 juggernauts
  4 orbs of fire
  The ghost of greenbourne the Slayer, a legendary DjHW of Jiyva (Zot:5)
  31 royal mummies
  8 Killer Klowns
  26 shard shrikes
  11 pandemonium lords
  Margery (Depths:3)
  18 caustic shrikes
  2 curse toes
  Jory (Crypt:1)
  Geryon (Hell)
  16 profane servitors
  9 golden dragons
  A pearl dragon (Abyss:1)
  29 bone dragons
  29 Tzitzimimeh
  8 electric golems
  14 Brimstone Fiends
  23 doom hounds
  25 tentacled monstrosities
  Arachne (Spider:3)
  15 hellephants
  2 shard shrike zombies
  29 tainted leviathans
  Zenata (Crypt:1)
  22 Orb Guardians
  22 Hell Sentinels
  10 iron giants
  17 liches
  A walking crystal tome (Depths:3)
  Murray (Hell)
  A walking frostbound tome (Depths:3)
  31 Ice Fiends
  A shard shrike skeleton (Tar:7)
  22 titans
  A walking earthen tome (Depths:3)
  33 ancient champions
  15 deep elf master archers
  10 quicksilver dragons
  36 searing wretches
  A quicksilver dragon (shapeshifter) (Zig:18)
  10 sphinxes
  73 acid blobs
  12 tentacled starspawn
  A walking divine tome (Depths:3)
  14 deep elf blademasters
  Gastronok (Lair:1)
  7 death cobs
  Polyphemus (Shoals:3)
  Agnes (D:15)
  3 krakens
  30 Executioners (Pan)
  27 storm dragons
  Kirke (Spider:3)
  Frances (Shoals:1)
  5 shadow dragons
  A shadow dragon (shapeshifter) (Zig:18)
  Roxanne (D:15)
  9 revenants
  Donald (Orc:2)
  10 nagarajas
  6 demonspawn warmongers (Pan)
  25 rockslimes
  16 narguns
  5 tengu reavers
  12 draconian knights
  6 draconian monks
  4 imperial myrmidons (Desolation)
  18 vault wardens
  A fire giant (shapeshifter) (Zig:18)
  18 quicksilver elementals
  6 deep elf sorcerers
  14 emperor scorpions
  2 spectral caustic shrikes
  66 balrugs
  Louise (D:14)
  28 azure jellies
  21 fire giants
  2 spectral juggernauts
  15 frost giants
  38 ghost moths
  5 shard shrike simulacra
  14 draconian scorchers
  9 iron dragons
  12 curse skulls
  3 juggernaut zombies
  10 deep elf elementalists
  5 demonspawn corrupters (Pan)
  31 cacodemons
  7 ghouls
  5 orc warlords
  An angel (Zig:3)
  4 spriggan defenders
  8 draconian stormcallers
  32 quicksilver oozes
  15 draconian annihilators
  20 very ugly things
  4 broodmothers
  6 ironbound thunderhulks
  2 stone giants (shapeshifter)
  41 war gargoyles
  A caustic shrike skeleton (D:15)
  A juggernaut skeleton (Tar:7)
  5 draconian shifters
  33 elemental wellsprings
  6 demonspawn blood saints (Pan)
  5 ironbound preservers
  12 stone giants
  Nessos (Lair:5)
  8 vampire knights
  14 reapers
  19 putrid mouths
  9 bennus
  40 deep elf demonologists
  5 demonspawn black suns (Pan)
  14 yellow draconians
  8 black draconians
  2 spectral titans
  15 wendigos
  15 spark wasps
  A bunyip (Zig:23)
  13 dire elephants
  9 green draconians
  10 lorocyprocas
  19 deep elf annihilators
  17 purple draconians
  9 red draconians
  15 white draconians
  A halazid warlock (Desolation)
  27 green deaths
  19 eidola
  11 merfolk impalers
  7 ettins
  13 deep elf death magi
  Snorg (D:11)
  29 mummy priests
  A quicksilver dragon zombie (Crypt:2)
  6 ragged hierophants (Desolation)
  17 iron golems
  7 merfolk javelineers
  Josephine (Orc:1)
  42 blizzard demons
  2 crystal guardians
  10 jiangshi
  2 fire dragons
  14 entropy weavers
  5 spectral spriggans
  9 yaktaur captains
  An entropy weaver (shapeshifter) (Elf:3)
  A spectral fenstrider witch (Crypt:3)
  7 servants of whispers
  2 kraken zombies (Hell)
  19 deep elf high priests
  A spriggan zombie (Tomb:2)
  33 great orbs of eyes
  18 hydras
  A hydra (shapeshifter) (D:14)
  17 ice dragons
  A quicksilver dragon skeleton (Pan)
  7 rakshasas
  32 vault guards
  2 hell beasts
  3 jorogumos
  A spectral tengu (Zig:13)
  Harold (Lair:2)
  2 ogre magi
  6 spriggan air magi
  4 spriggan skeletons
  An alligator snapping turtle (shapeshifter) (Zig:18)
  8 salamander tyrants
  The ghost of Starman the Eclecticist, a journeyman DECj of Ashenzari (D:11)
  14 caustic shrike simulacra
  5 catoblepae
  6 peacekeepers
  10 centaur warriors
  A radroach (shapeshifter) (Depths:4)
  An alligator (Zig:23)
  7 merfolk avatars
  2 juggernaut simulacra (Coc:7)
  3 radroaches
  14 boulder beetles
  37 dancing weapons
  A jorogumo (shapeshifter) (Lair:5)
  3 alligator snapping turtles
  9 merfolk aquamancers
  A two-headed ogre (shapeshifter) (Vaults:5)
  2 naga warriors (Zig:22)
  8 ironbound frosthearts
  4 death yaks (Shoals:3)
  21 stokers
  3 satyrs (Shoals:3)
  A satyr (shapeshifter) (Zig:5)
  12 two-headed ogres
  8 tengu warriors
  2 deep troll shamans
  3 deep troll earth magi
  2 spectral storm dragons
  57 death scarabs
  30 hell hogs
  6 shock serpents
  2 spriggan berserkers
  14 vampire magi
  18 orc high priests
  A shock serpent (shapeshifter) (Abyss:1)
  43 soul eaters
  2 naga sharpshooters (Zig:22)
  A spectral dire elephant (Tar:5)
  8 hell knights
  12 crystal echidnas
  98 sun demons
  37 deep elf knights
  51 skeletal warriors
  20 thrashing horrors
  Amaemon (Lair:1)
  A spectral naga (Tar:2)
  3 sun moths
  A titan skeleton (Crypt:2)
  7 pharaoh ants
  2 spectral bunyips
  61 shadow wraiths
  A goliath frog (shapeshifter) (Lair:5)
  51 sixfirhies
  16 wretched stars
  A storm dragon skeleton (Depths:3)
  5 skysharks
  A spectral anaconda (Tar:1)
  5 quicksilver dragon simulacra
  3 swamp dragons
  8 orb spiders
  11 wizards
  6 iron trolls
  2 spectral iron dragons
  8 sea snakes
  5 spriggan druids
  91 large abominations
  A golden dragon zombie (Zig:11)
  An anaconda zombie (Tar:7)
  21 deep trolls
  19 glowing orange brains
  11 flayed ghosts
  16 shadow demons
  A naga ritualist (Zig:22)
  A spatial maelstrom (Zig:14)
  4 bog bodies
  A swamp dragon (shapeshifter) (Zig:18)
  13 harpies
  25 starcursed masses
  2 orange crystal statues (Zig:4)
  11 orc knights
  A sphinx zombie (D:15)
  22 phantasmal warriors
  30 deep elf archers
  2 golden dragon skeletons
  8 spriggan simulacra
  16 ironbound convokers
  5 lindwurms
  A mana viper (shapeshifter) (Vaults:5)
  2 obsidian statues
  A lindwurm (shapeshifter) (Zig:5)
  10 necromancers
  12 steelbarb worms
  An anaconda skeleton (Pan)
  51 deep elf zephyrmancers
  A frost giant zombie (Zig:10)
  16 orc sorcerers
  25 oklob plants
  59 deep elf pyromancers
  23 shining eyes
  12 cyclopes
  A jorogumo skeleton (Crypt:2)
  13 wolf spiders
  12 fauns
  A sphinx skeleton (Crypt:1)
  38 moths of wrath
  23 ugly things
  25 manticores
  A shining eye (shapeshifter) (Depths:4)
  A will-o-the-wisp (Abyss:4)
  A manticore (shapeshifter) (Zig:18)
  6 worldbinders
  7 water nymphs
  6 merfolk sirens
  A stone giant skeleton (Tomb:1)
  64 smoke demons
  2 spectral centaurs (Crypt:3)
  An eye of devastation (shapeshifter) (D:14)
  24 elephants
  3 naga magi
  3 dire elephant zombies
  A goliath frog skeleton (Crypt:1)
  6 apocalypse crabs
  A fire giant skeleton (D:15)
  7 guardian serpents
  15 black mambas
  2 ice statues
  3 rust devils
  14 vault sentinels
  Joseph (D:10)
  7 torpor snails
  44 orange demons
  13 eyes of devastation
  5 naga skeletons
  2 gargoyles
  8 titan simulacra
  13 cane toads
  28 demonic crawlers
  An orc skeleton (Pan)
  2 centaur skeletons
  A molten gargoyle (Desolation)
  3 unseen horrors
  3 dire elephant skeletons
  A black draconian zombie (Crypt:3)
  A rime drake (shapeshifter) (Zig:22)
  A torpor snail (shapeshifter) (Vaults:5)
  43 hellions
  A red draconian zombie (Crypt:3)
  Psyche (D:10)
  A komodo dragon (shapeshifter) (Lair:5)
  14 freezing wraiths
  11 rime drakes
  10 efreet
  2 alligator snapping turtle skeletons (Pan)
  10 komodo dragons
  7 kobold demonologists
  4 golden dragon simulacra
  9 tengu conjurers
  41 tormentors
  22 yaktaurs
  A catoblepas skeleton (Pan)
  5 anaconda simulacra
  16 ice devils
  21 ancient zymes
  59 guardian mummies
  5 iron giant simulacra
  17 trolls
  4 red devils (Pan)
  3 silent spectres
  5 meliai
  12 merfolk
  A queen bee (Lair:4)
  2 hydra zombies
  A hornet (D:11)
  A sea snake skeleton (Hell)
  2 tyrant leeches
  27 tarantellas
  A spectral harpy (Tar:1)
  24 wind drakes
  56 saltlings
  A polar bear (Lair:3)
  27 blink frogs
  3 harpy zombies
  30 hellwings
  4 harpy skeletons
  An alligator zombie (Crypt:2)
  5 hydra skeletons
  7 snapping turtles
  A fire giant simulacrum (Vaults:2)
  An ettin zombie (Tar:7)
  4 iron dragon simulacra
  16 raiju
  A boulder beetle zombie (Crypt:3)
  3 stone giant simulacra
  14 dream sheep
  32 jumping spiders
  A spectral black mamba (Tar:1)
  An ettin skeleton (Hell)
  46 flying skulls
  16 culicivoras
  15 shadows
  2 centaur simulacra
  20 wraiths
  5 dire elephant simulacra
  24 water elementals
  178 slime creatures
  2 vampires
  Sigmund (D:2)
  18 air elementals
  30 ushabtiu
  3 naga simulacra
  4 fire elementals
  41 yaks
  A spriggan (Lair:5)
  2 wyverns (Lair:1)
  47 ynoxinuls
  A fire bat (Abyss:1)
  38 golden eyes
  2 alligator snapping turtle simulacra
  9 vampire mosquitoes
  7 basilisks
  4 steam dragons
  A yak (shapeshifter) (D:14)
  A hog (Spider:3)
  39 chaos spawn
  Edmund (D:6)
  48 neqoxecs
  57 redbacks
  Menkaure (D:6)
  16 harpy simulacra
  8 wargs
  A swamp worm (shapeshifter) (D:15)
  3 nagas (Zig:22)
  3 naga zombies
  3 acid dragons
  5 floating eyes
  Duvessa (D:6)
  23 water moccasins
  3 glowing shapeshifter zombies
  A swamp drake (Zig:23)
  2 hydra simulacra
  9 hell hounds
  A hornet zombie (D:7)
  A cane toad skeleton (Crypt:3)
  5 ice beasts
  A dream sheep zombie (Crypt:2)
  39 orc warriors
  24 small abominations
  4 black bears
  2 elephant zombies (Lair:3)
  20 ogres
  7 ettin simulacra
  2 centaurs
  5 wolves (Lair:1)
  A phantom (D:5)
  Blork the orc (D:4)
  A draconian zombie (Crypt:1)
  7 kobold brigands
  4 komodo dragon zombies
  7 bullfrogs
  8 necrophages
  3 scorpions
  7 earth elementals
  A gnoll sergeant (D:8)
  A human simulacrum (Depths:2)
  A water moccasin zombie (D:7)
  14 wights
  A water moccasin skeleton (Crypt:3)
  A cyclops skeleton (Crypt:1)
  Dowan (D:6)
  34 killer bees
  20 jellies
  4 howler monkeys
  4 electric eels
  A shapeshifter skeleton (Crypt:3)
  2 bullfrog zombies (D:7)
  8 crimson imps (Pan)
  3 quasits (Abyss:1)
  4 centaur zombies
  19 orc priests
  A basilisk zombie (Lair:3)
  2 hounds (D:7)
  3 gnoll boudas
  2 iron imps (Abyss:1)
  Terence (D:2)
  32 orc wizards
  A boggart skeleton (Crypt:1)
  5 hell rats
  A killer bee zombie (D:7)
  A tengu skeleton (Crypt:3)
  65 mummies
  11 gnolls
  5 adders
  A steam dragon skeleton (Crypt:2)
  5 white imps
  3 ufetubi
  A worm zombie (Crypt:1)
  An adder zombie (Crypt:3)
  4 dart slugs
  A worm (D:5)
  74 orcs
  6 endoplasms
  4 giant cockroaches
  9 goblins
  4 hobgoblins
  4 jackals (D:4)
  5 quokkas
  9 ball pythons
  5 bats
  5 frilled lizards
  4 goblin zombies
  2 hobgoblin zombies (Ossuary)
  46 kobolds
  2 kobold zombies
  A quokka skeleton (Crypt:3)
  8 rats
  A rat skeleton (Crypt:3)
  A river rat skeleton (Crypt:2)
  7 ball lightnings (Pan)
  A block of ice (Pan)
  13 bushes
  10 creeping infernos
  4 demonic plants (Abyss:4)
  46 fire vortices
  2 fulminant prisms
  4 lurking horrors (Abyss:1)
  A plant (Zig:24)
  6 starspawn tentacles
  3 tentacles (Shoals:4)
5773 creatures vanquished.

Vanquished Creatures (collateral kills)
  Gloorx Vloq (Pan)
  Tiamat (Zot:5)
  An orb of fire (Zot:5)
  2 juggernauts
  Boris (Crypt:1)
  A shard shrike (Coc:7)
  Saint Roka (Vaults:5)
  27 caustic shrikes
  A profane servitor (Zig:24)
  the Enchantress (Depths:1)
  A golden dragon (Vaults:5)
  8 bone dragons
  4 doom hounds
  2 Brimstone Fiends
  9 hellephants
  An Ice Fiend (Coc:7)
  2 pandemonium lords
  5 tainted leviathans
  2 Orb Guardians (Zot:5)
  A lich (Crypt:3)
  6 Hell Sentinels
  3 titans
  A deep elf blademaster (Zig:25)
  6 searing wretches
  A tentacled starspawn (Abyss:1)
  6 ancient champions
  6 Executioners
  16 acid blobs
  3 tengu reavers
  3 azure jellies
  A shadow dragon (shapeshifter) (Zig:18)
  9 rockslimes
  3 storm dragons
  6 draconian monks
  2 demonspawn warmongers (Pan)
  7 nagarajas
  2 draconian knights
  2 emperor scorpions (Zig:23)
  A fenstrider witch (Zig:23)
  2 quicksilver elementals
  A nargun (Coc:5)
  3 frost giants
  An azure jelly (shapeshifter) (Zig:18)
  An iron dragon (Dis:7)
  A shard shrike simulacrum (Coc:7)
  3 draconian scorchers
  2 fire giants
  A ghoul (Crypt:3)
  6 orc warlords
  A spectral caustic shrike (Tar:4)
  15 balrugs
  2 vault wardens (Vaults:5)
  6 draconian shifters
  2 cacodemons (Pan)
  4 demonspawn corrupters (Pan)
  14 very ugly things
  6 ironbound preservers
  3 quicksilver oozes
  3 draconian annihilators
  2 broodmothers
  5 war gargoyles
  2 demonspawn blood saints (Pan)
  3 ironbound thunderhulks
  5 green draconians
  3 vampire knights
  4 stone giants
  5 black draconians
  A bennu (Zig:10)
  9 yellow draconians
  3 putrid mouths
  3 wendigos
  5 dire elephants
  2 demonspawn black suns (Pan)
  2 spark wasps (Depths:2)
  A green death (Pan)
  3 purple draconians
  4 red draconians
  A lorocyproca (Pan)
  8 iron golems
  2 blizzard demons (Pan)
  4 ettins
  2 eidola
  2 yaktaur captains
  A spectral golden dragon (Tar:6)
  2 merfolk impalers
  4 great orbs of eyes
  A spectral spriggan (Zig:18)
  A deep elf high priest (Zig:20)
  3 ice dragons
  3 vault guards
  2 caustic shrike simulacra
  A spectral fenstrider witch (Tar:1)
  A jorogumo (Zig:20)
  An ogre mage (Vaults:4)
  A spriggan skeleton (Pan)
  A boulder beetle (Zig:27)
  9 hydras
  7 salamander tyrants
  A juggernaut simulacrum (Coc:6)
  A boulder beetle (shapeshifter) (Vaults:5)
  A catoblepas (Zig:10)
  An ironbound frostheart (Vaults:2)
  4 dancing weapons
  A stoker (Geh:4)
  A death knight (Crypt:1)
  A death scarab (Tomb:1)
  3 two-headed ogres
  An alligator (Zig:23)
  18 hell hogs
  An anaconda (Zig:22)
  4 deep troll shamans
  A death yak (Zig:27)
  2 deep troll earth magi
  2 orc high priests (Zig:24)
  A naga warrior (Zig:22)
  2 tengu warriors (Depths:2)
  3 thrashing horrors
  7 soul eaters (Pan)
  A wretched star (Zig:14)
  A skeletal warrior (Crypt:1)
  3 hell knights
  5 iron trolls
  5 crystal echidnas
  18 sun demons (Pan)
  3 sixfirhies (Pan)
  A titan skeleton (Pan)
  A golden dragon zombie (Zig:11)
  2 spatial maelstroms
  21 deep trolls
  A goliath frog (Zig:23)
  A sea snake (Shoals:4)
  A naga ritualist (Zig:22)
  3 skysharks
  A sea snake (shapeshifter) (Depths:3)
  3 glowing orange brains
  2 spriggan druids (Zig:27)
  A quicksilver dragon simulacrum (Coc:5)
  5 ironbound convokers
  A spriggan simulacrum (Coc:7)
  A spectral iron dragon (Tar:5)
  3 wizards
  20 harpies
  A necromancer (Depths:2)
  An anaconda skeleton (Pan)
  A lindwurm (Vaults:1)
  14 ugly things
  2 shining eyes
  A mana viper (Zig:22)
  A steelbarb worm (Zig:20)
  An orc sorcerer (Zig:24)
  An orc knight (Zig:24)
  A wolf spider (Zig:20)
  9 fauns
  4 manticores
  A frost giant zombie (Depths:3)
  2 elephants (Zig:27)
  A stone giant zombie (Vaults:2)
  2 moths of wrath
  A cyclops (shapeshifter) (Vaults:5)
  A rust devil (Pan)
  2 fire giant skeletons
  4 black mambas
  A water nymph (Shoals:3)
  A merfolk siren (Shoals:4)
  4 guardian serpents
  A stone giant skeleton (Crypt:1)
  6 demonic crawlers
  3 vault sentinels
  5 cane toads
  13 smoke demons
  2 naga magi (Zig:22)
  3 orange demons (Pan)
  A storm dragon simulacrum (Coc:1)
  2 eyes of devastation
  4 hellions
  A torpor snail (Zig:20)
  3 rime drakes
  A rime drake (shapeshifter) (Zig:18)
  A dire elephant skeleton (Pan)
  6 komodo dragons
  2 tengu conjurers
  An efreet (Abyss:1)
  4 ancient zymes
  3 tormentors
  17 yaktaurs
  A guardian mummy (Crypt:3)
  A yaktaur skeleton (Vaults:2)
  9 merfolk
  A polar bear (Zig:27)
  4 trolls
  4 hellwings (Pan)
  A silent spectre (Zig:18)
  An iron dragon simulacrum (Abyss:4)
  A harpy skeleton (Pan)
  2 blink frogs (Zig:27)
  4 raiju
  A slime creature (shapeshifter) (Vaults:5)
  A flying skull (Tomb:3)
  10 slime creatures
  2 ynoxinuls
  An air elemental (Zig:13)
  A dire elephant simulacrum (Coc:1)
  An ettin skeleton (Pan)
  A vampire (Abyss:3)
  11 large abominations
  A wyvern (Zig:27)
  A redback (Spider:2)
  A basilisk (Zig:27)
  4 chaos spawn (Pan)
  5 spatial vortices (Abyss:4)
  6 small abominations (Abyss:1)
  6 water moccasins (Zig:27)
  A naga skeleton (Pan)
  A glowing shapeshifter skeleton (Depths:2)
  A floating eye (Depths:3)
  6 orc warriors
  A hell hound (Abyss:1)
  8 ogres
  2 wolves
  A centaur (shapeshifter) (Abyss:1)
  An earth elemental (Zig:25)
  An iron imp (Abyss:1)
  7 jellies (Zot:4)
  2 quasits (Abyss:1)
  2 orc priests
  An orc wizard (Zig:9)
  2 mummies
  A gnoll (Zig:24)
  A worm zombie (Crypt:1)
  An orc (Vaults:5)
  2 creeping infernos (Geh:4)
  42 fire vortices
  A starspawn tentacle (Abyss:1)
815 creatures vanquished.

Vanquished Creatures (others)
  A juggernaut (Zig:24)
  2 pandemonium lords
  A Killer Klown (Zig:18)
  7 caustic shrikes
  A shard shrike (Coc:7)
  2 Orb Guardians (Zot:5)
  An eldritch tentacle (Pan)
  A sphinx (Vaults:1)
  A tengu reaver (Vaults:5)
  4 draconian monks
  A storm dragon (Zot:1)
  A rockslime (Zig:25)
  3 fire giants
  A draconian knight (Zig:16)
  A vault warden (Vaults:5)
  3 draconian scorchers
  An orc warlord (Zig:24)
  2 very ugly things (Depths:3)
  2 stone giants (Zig:24)
  A demonspawn blood saint (Pan)
  A very ugly thing (shapeshifter) (Pan)
  2 war gargoyles (Dis:7)
  2 ironbound preservers
  3 spriggan defenders
  3 black draconians
  2 green draconians
  A demonspawn black sun (Pan)
  A wendigo (Coc:7)
  3 red draconians
  2 white draconians
  3 yellow draconians
  An ettin (Vaults:5)
  A merfolk javelineer (Zig:23)
  A spark wasp (Depths:3)
  6 salamander tyrants (Zig:22)
  A deep elf high priest (Zig:13)
  A yaktaur captain (Vaults:5)
  A hydra (Zig:27)
  A caustic shrike simulacrum (Coc:7)
  An ironbound frostheart (Vaults:4)
  A stoker (Geh:7)
  2 deep troll earth magi
  4 tengu warriors
  3 hell hogs
  3 hell knights
  A shock serpent (Zig:22)
  An iron troll (Depths:2)
  A quicksilver dragon simulacrum (Coc:7)
  3 deep trolls
  A wizard (Vaults:4)
  3 harpies
  A lindwurm (Vaults:2)
  A wolf spider (shapeshifter) (Vaults:5)
  2 manticores
  4 ugly things
  3 necromancers
  2 black mambas (Zig:22)
  2 vault sentinels (Vaults:3)
  A demonic crawler (Zig:23)
  A cane toad (Zig:10)
  A torpor snail (Zig:27)
  A smoke demon (Pan)
  2 yaktaurs
  A merfolk (Shoals:3)
  3 wind drakes (Pan)
  A dream sheep (Zig:27)
  3 slime creatures
  A yak (Zig:10)
  A neqoxec (Pan)
  2 orc warriors
  3 ogres
  2 jellies (Zot:4)
  3 orc wizards
  A gnoll (Orc:1)
  13 ball lightnings (Pan)
  3 bushes (D:9)
  6 demonic plants (Abyss:4)
  925 fire vortices
  4 foxfires (Abyss:4)
  358 fulminant prisms
  30 fungi
  A lurking horror (Abyss:1)
  208 plants
  6 starspawn tentacles
  17 tentacles
  16 withered plants
1726 creatures vanquished.

Grand Total: 8314 creatures vanquished

Notes
Turn   | Place    | Note
-------+----------+-------------------------------------------
     0 | D:1      | voronchuk the Deep Elf Conjurer began the quest for the
                  | Orb.
     0 | D:1      | Reached XP level 1. HP: 10/10 MP: 6/6
   177 | D:1      | Reached XP level 2. HP: 15/15 MP: 4/8
   258 | D:1      | Learned a level 2 spell: Searing Ray
   396 | D:1      | Reached skill level 5 in Conjurations
   686 | D:1      | Reached XP level 3. HP: 19/19 MP: 6/9
  1196 | D:2      | Noticed Sigmund
  1221 | D:2      | Killed Sigmund
  1222 | D:2      | Reached skill level 1 in Fighting
  1222 | D:2      | Reached XP level 4. HP: 4/25 MP: 0/12
  1222 | D:2      | Reached XP level 5. HP: 4/29 MP: 0/13
  1356 | D:2      | Learned a level 4 spell: Fulminant Prism
  1361 | D:2      | Learned a level 4 spell: Iskenderun's Mystic Blast
  1372 | D:2      | Noticed Terence
  1660 | D:2      | Killed Terence
  2099 | D:2      | Identified the +0 leather armour "Gymu Idu" {rPois}
  2542 | D:3      | Found a glowing golden altar of the Shining One.
  2657 | D:3      | Found a faded altar of an unknown god.
  2980 | D:4      | Reached XP level 6. HP: 30/34 MP: 9/14
  2983 | D:4      | Reached skill level 1 in Hexes
  3009 | D:4      | Reached skill level 1 in Short Blades
  3125 | D:4      | Identified the +5 short sword "Qipia" {flame, Drain rC++
                  | Will+++ Int-3}
  3189 | D:4      | Noticed Blork the orc
  3198 | D:4      | Killed Blork the orc
  3297 | D:4      | Reached skill level 5 in Spellcasting
  3497 | D:4      | Reached XP level 7. HP: 32/39 MP: 9/16
  4074 | D:5      | Entered Level 5 of the Dungeon
  4095 | D:5      | Reached skill level 1 in Armour
  4234 | D:5      | Found Toruzor's Armour Shoppe.
  4826 | D:6      | Noticed Dowan
  4832 | D:6      | Noticed Duvessa
  4833 | D:6      | Reached XP level 8. HP: 33/44 MP: 7/19
  4979 | D:6      | Killed Duvessa
  4980 | D:6      | Reached skill level 5 in Dodging
  5089 | D:6      | Killed Dowan
  5175 | D:6      | Noticed Menkaure
  5253 | D:6      | Noticed Edmund
  5268 | D:6      | Killed Edmund
  5309 | D:6      | Found a sand-covered staircase.
  5321 | Ossuary  | Entered an ossuary
  5527 | Ossuary  | Reached XP level 9. HP: 26/51 MP: 13/22
  6025 | D:6      | Killed Menkaure
  6129 | D:6      | Found a staircase to the Ecumenical Temple.
  6182 | Temple   | Entered the Ecumenical Temple
  7258 | D:7      | Reached skill level 5 in Hexes
  8080 | D:7      | Noticed a two-headed ogre
  8101 | D:7      | Killed a two-headed ogre
  8102 | D:7      | Reached XP level 10. HP: 56/56 MP: 6/25
  8568 | D:7      | Found a radiant altar of Vehumet.
  8577 | D:7      | Became a worshipper of Vehumet
  8649 | D:8      | Noticed a gargoyle
  8653 | D:8      | Noticed a manticore
  8658 | D:8      | Killed a gargoyle
  8659 | D:8      | Reached skill level 1 in Translocations
  8669 | D:8      | Killed a manticore
  8678 | D:8      | Reached skill level 10 in Spellcasting
  9083 | D:8      | Noticed a manticore
  9096 | D:8      | HP: 2/58 [manticore (5)]
  9098 | D:8      | Killed a manticore
  9099 | D:8      | Reached skill level 5 in Stealth
  9112 | D:8      | Noticed a white ugly thing
  9120 | D:8      | Noticed a four-headed hydra
  9123 | D:8      | Killed a white ugly thing
  9142 | D:8      | Killed a four-headed hydra
  9146 | D:8      | Noticed a two-headed ogre
  9494 | D:8      | Noticed a manticore
  9671 | D:8      | Noticed a centaur warrior
  9847 | D:8      | Noticed a boulder beetle
 10125 | D:8      | Killed a two-headed ogre
 10126 | D:8      | Reached XP level 11. HP: 62/62 MP: 2/28
 10400 | D:8      | Reached skill level 1 in Evocations
 10490 | D:8      | Reached skill level 5 in Fighting
 10687 | D:8      | Killed a centaur warrior
 11010 | D:8      | Learned a level 5 spell: Fireball
 13149 | D:8      | Killed a boulder beetle
 14037 | D:9      | Reached * piety under Vehumet
 14037 | D:9      | Offered knowledge of Kiss of Death by Vehumet.
 14812 | D:10     | Entered Level 10 of the Dungeon
 14812 | D:10     | Noticed a two-headed ogre
 14818 | D:10     | Killed a two-headed ogre
 14919 | D:10     | Found Gamp's Assorted Antiques.
 14929 | D:10     | Bought a sedimented grey potion for 25 gold pieces
 15076 | D:10     | Offered knowledge of Sandblast by Vehumet.
 15082 | D:10     | Reached ** piety under Vehumet
 15087 | D:10     | Reached skill level 1 in Fire Magic
 15223 | D:10     | Noticed Psyche
 15336 | D:10     | Killed Psyche
 15408 | D:10     | Found a transporter.
 15410 | D:10     | Found a transporter.
 15413 | D:10     | Found a transporter.
 15474 | D:10     | Found a staircase to the Orcish Mines.
 15571 | D:10     | Noticed Joseph
 15581 | D:10     | Killed Joseph
 15966 | D:10     | Found a transporter.
 16313 | D:11     | Reached skill level 5 in Short Blades
 16481 | D:11     | Learned a level 7 spell: Orb of Destruction
 16496 | D:11     | Offered knowledge of Scorch by Vehumet.
 16507 | D:11     | Noticed Snorg
 16524 | D:11     | Killed Snorg
 16525 | D:11     | Reached XP level 12. HP: 64/69 MP: 11/30
 16646 | D:11     | Found Yreemmig's General Store.
 16653 | D:11     | Bought a potion of heal wounds for 60 gold pieces
 16737 | D:11     | Reached skill level 10 in Hexes
 16857 | D:11     | Reached *** piety under Vehumet
 17000 | D:11     | Reached skill level 10 in Conjurations
 17306 | D:11     | Found a runed translucent door.
 17322 | D:11     | Noticed Starman's ghost (journeyman DECj)
 17411 | D:11     | Found Ulobod's Assorted Antiques.
 17418 | D:11     | Bought a bubbling yellow potion for 18 gold pieces
 17418 | D:11     | Bought a bubbling yellow potion for 18 gold pieces
 17479 | D:11     | Found a staircase to the Lair.
 17742 | D:11     | Found Ydicedgh's Jewellery Boutique.
 17746 | D:11     | Noticed a boulder beetle
 17756 | D:11     | Killed a boulder beetle
 18068 | D:11     | Learned a level 6 spell: Iron Shot
 19160 | D:12     | Reached skill level 1 in Earth Magic
 19322 | D:12     | Noticed a two-headed ogre
 19329 | D:12     | Killed a two-headed ogre
 19666 | D:5      | Bought the +6 leather armour of the Furrier {rF+ rCorr
                  | Int+4} for 660 gold pieces
 19860 | Lair:1   | Entered Level 1 of the Lair of Beasts
 19960 | Lair:1   | Noticed Gastronok
 19986 | Lair:1   | Noticed Amaemon
 20142 | Lair:1   | Killed Gastronok
 20295 | Lair:1   | Offered knowledge of Olgreb's Toxic Radiance by Vehumet.
 20371 | Lair:1   | Killed Amaemon
 20418 | Lair:1   | Reached XP level 13. HP: 75/75 MP: 5/33
 21481 | Lair:2   | Reached **** piety under Vehumet
 21583 | Lair:2   | Noticed Harold
 21599 | Lair:2   | Killed Harold
 21600 | Lair:2   | Reached skill level 5 in Fire Magic
 21818 | Lair:2   | Found a hole to the Spider Nest.
 21842 | Lair:2   | Offered knowledge of Inner Flame by Vehumet.
 22133 | Lair:3   | Reached skill level 10 in Dodging
 22320 | Lair:3   | Reached skill level 15 in Spellcasting
 22841 | Lair:3   | Identified the +11 falchion of Ustreicw {freeze, rCorr}
 23133 | Lair:3   | Got the Codex of the Flamy Brume
 23312 | Lair:3   | Found a staircase to the Shoals.
 23785 | Lair:4   | Reached ***** piety under Vehumet
 23925 | Lair:4   | Offered knowledge of Lee's Rapid Deconstruction by Vehumet.
 24558 | Lair:4   | Found a staircase to the Slime Pits.
 24887 | Lair:5   | Entered Level 5 of the Lair of Beasts
 24910 | Lair:5   | Noticed Nessos
 25327 | D:11     | Bought 2 potions of heal wounds for 200 gold pieces
 25453 | Lair:5   | Found the +8 arc blade {discharge, rElec}
 25464 | Lair:5   | Reached XP level 14. HP: 82/82 MP: 26/35
 28635 | Lair:5   | Killed Nessos
 30611 | Lair:5   | Reached skill level 5 in Earth Magic
 30775 | Lair:5   | Found a corrupted altar of Lugonu.
 30775 | Lair:5   | Found a one-way gate to the infinite horrors of the Abyss.
 31225 | Temple   | Identified 2 scrolls of acquirement
 31361 | Orc:1    | Entered Level 1 of the Orcish Mines
 31361 | Orc:1    | Found Hips's Jewellery Emporium.
 31546 | Orc:1    | Found Alliow's Antique Armour Emporium.
 31554 | Orc:1    | Found Qooxzu's Weapon Emporium.
 31766 | Orc:2    | Entered Level 2 of the Orcish Mines
 31803 | Orc:2    | Noticed Donald
 31808 | Orc:2    | Killed Donald
 32270 | Orc:2    | Found a staircase to the Elven Halls.
 32332 | Orc:2    | Found Vessy's Armour Emporium.
 32738 | Orc:2    | Offered knowledge of Ozocubu's Refrigeration by Vehumet.
 33088 | Orc:2    | Found Sahuhul's Assorted Antiques.
 33088 | Orc:2    | Found Iseaptuo's Weapon Shoppe.
 33100 | Orc:2    | Found Qala's Book Shop.
 33100 | Orc:2    | Found Teicleaxow's Book Shoppe.
 33136 | Orc:2    | Bought a scroll labelled MEIGUJ NONA for 28 gold pieces
 33147 | Orc:2    | Bought Great Wizards, Vol. II for 532 gold pieces
 33153 | Orc:2    | Learned a level 5 spell: Borgnjor's Vile Clutch
 33326 | Orc:2    | Bought a book of Alchemy for 392 gold pieces
 33329 | Orc:2    | Learned a level 2 spell: Sublimation of Blood
 33393 | Orc:1    | Found a bloodstained altar of Trog.
 33652 | Orc:1    | Found Buejusew's Distillery.
 33671 | Orc:1    | Noticed Josephine
 33674 | Orc:1    | Killed Josephine
 33702 | Orc:2    | Reached XP level 15. HP: 49/86 MP: 2/38
 33935 | Orc:1    | Bought a potion of heal wounds for 65 gold pieces
 34626 | D:11     | Killed Starman's ghost
 35204 | D:13     | Reached skill level 1 in Necromancy
 35530 | D:13     | Found a gate to the Vaults.
 36711 | D:13     | Found Qeovut's Magic Scroll Emporium.
 36720 | D:13     | Bought a scroll of fear for 52 gold pieces
 37517 | D:14     | Offered knowledge of Freezing Cloud by Vehumet.
 37863 | D:14     | Noticed a frost giant
 37990 | D:14     | Noticed a tengu reaver
 37993 | D:14     | Killed a tengu reaver
 38093 | D:14     | Killed a frost giant
 38246 | D:14     | Found a portal to a secret trove of treasure.
 38745 | D:14     | Noticed Louise
 39751 | D:14     | Reached XP level 16. HP: 92/92 MP: 20/40
 39904 | D:14     | Killed Louise
 40174 | D:14     | Identified the amulet "Ythrun" {RegenMP Int+2}
 40802 | D:14     | You paid a toll of 2 scrolls of acquirement to enter a
                  | treasure trove
 40803 | Trove    | Entered a treasure trove
 40907 | Trove    | Identified the amulet "Viuff" {Acrobat rCorr}
 40909 | Trove    | Identified the ring "Awoijeoth" {Wiz rElec rF+ MP+9 Dex+4}
 40942 | Trove    | Identified the +1 ring mail of Demons {rPois Regen+ Dex+3}
 41389 | D:15     | Entered Level 15 of the Dungeon
 41389 | D:15     | Noticed Agnes
 41393 | D:15     | Killed Agnes
 41569 | D:15     | Found a staircase to the Depths.
 41791 | D:15     | Found an iron altar of Okawaru.
 41892 | D:15     | Reached skill level 5 in Necromancy
 42204 | D:15     | Noticed Roxanne
 42264 | D:15     | Offered knowledge of Yara's Violent Unravelling by Vehumet.
 43044 | D:15     | Killed Roxanne
 43247 | Elf:1    | Entered Level 1 of the Elven Halls
 43421 | Spider:1 | Entered Level 1 of the Spider Nest
 43433 | Lair:2   | Learned a level 8 spell: Lehudib's Crystal Spear
 43441 | Lair:2   | Learned a level 7 spell: Spellforged Servitor
 44804 | Spider:2 | Reached skill level 15 in Conjurations
 45250 | Spider:2 | Identified the +6 flail of Karma {venom, rElec Str+4}
 46156 | Spider:3 | Noticed Kirke
 46204 | Spider:3 | Killed Kirke
 46368 | Spider:3 | Found a hide-covered altar of Uskayaw.
 46531 | Spider:3 | Offered knowledge of Arcjolt by Vehumet.
 46532 | Spider:3 | Reached XP level 17. HP: 94/98 MP: 37/42
 46579 | Spider:3 | Noticed Arachne
 46583 | Spider:3 | Killed Arachne
 47550 | Spider:4 | Entered Level 4 of the Spider Nest
 48027 | Spider:4 | Reached skill level 10 in Fire Magic
 49159 | Spider:4 | Got a gossamer rune of Zot
 50509 | Elf:1    | Found Erchargha's Antique Armour Shop.
 50705 | Elf:1    | Got the Folio of Combat Magic
 52055 | Elf:2    | Found a runed translucent gate.
 52056 | Elf:2    | Found a runed translucent gate.
 52056 | Elf:2    | Found a runed translucent gate.
 52234 | Elf:2    | Reached ****** piety under Vehumet
 52237 | Elf:2    | Reached XP level 18. HP: 92/105 MP: 45/45
 52791 | Elf:2    | Offered knowledge of Iskenderun's Battlesphere by Vehumet.
 52918 | Elf:2    | Reached skill level 15 in Hexes
 53291 | Elf:3    | Entered Level 3 of the Elven Halls
 53353 | Elf:3    | Paralysed by an air elemental for 1 turns
 54370 | Elf:3    | Found Wode's Weapon Shop.
 54375 | Elf:3    | Paralysed by an air elemental for 1 turns
 54802 | Elf:3    | Reached skill level 1 in Throwing
 54821 | Elf:3    | Identified the ring "Qulegian" {Fly rN+ EV+5 Slay-5}
 54881 | Elf:3    | Identified the +6 spear "Solom" {freeze, rF+}
 54883 | Elf:3    | Identified the +6 hand axe of Theory {protect, rC+ Str+5
                  | Stlth+}
 55846 | Elf:3    | Identified the +0 whip of Iconoclasm {heavy, Int+4 Stlth+}
 56140 | Elf:3    | Got the Tome of Shifting Bolts
 56972 | Elf:3    | Identified the +2 trident of Overwhelming Force {vamp,
                  | Will+ Str+5 Dex+5}
 56976 | Elf:3    | Identified the +1 morningstar of Dim Light {protect, MP+9}
 57489 | Orc:2    | Bought a book of Hexes for 504 gold pieces
 57498 | Orc:2    | Learned a level 8 spell: Discord
 57710 | Shoals:1 | Entered Level 1 of the Shoals
 57717 | Shoals:1 | Reached skill level 1 in Shields
 57843 | Shoals:1 | Noticed Frances
 57847 | Shoals:1 | Killed Frances
 58020 | Shoals:1 | Offered knowledge of Maxwell's Capacitive Coupling by
                  | Vehumet.
 58172 | Shoals:1 | Reached XP level 19. HP: 110/110 MP: 47/47
 58799 | Shoals:2 | Identified the +8 sling "Mexudig" {freeze, Fly rC++ Int+4}
 59155 | Shoals:2 | Identified the +7 chain mail of Resoroa {Drain Str+5}
 59845 | Shoals:3 | Reached skill level 10 in Earth Magic
 59895 | Shoals:3 | Learned a level 8 spell: Ignition
 59906 | Shoals:3 | Offered knowledge of Fire Storm by Vehumet.
 59906 | Shoals:3 | Offered knowledge of Shatter by Vehumet.
 59906 | Shoals:3 | Offered knowledge of Chain Lightning by Vehumet.
 59972 | Shoals:3 | Found Ikhlafam's Antique Armour Shop.
 59995 | Shoals:3 | Noticed Polyphemus
 60163 | Shoals:3 | Found Icvolasm's Assorted Antiques.
 60352 | Shoals:3 | Bought a heavy robe for 125 gold pieces
 60352 | Shoals:3 | Identified the +4 robe of Truth {rPois Dex+2} (You bought
                  | it in a shop on level 3 of the Shoals)
 60535 | Shoals:3 | Noticed Mara
 60541 | Shoals:3 | Killed Mara
 60857 | Shoals:3 | Killed Polyphemus
 61188 | Shoals:3 | Found Rostam's Dragon-Slaying Spoils.
 61405 | Shoals:3 | Found Rouc Topt's General Store.
 61519 | Shoals:4 | Entered Level 4 of the Shoals
 61912 | Shoals:4 | Identified the +8 sling of the Conjuring Gods {antimagic,
                  | Str+3}
 62704 | Shoals:4 | Got a barnacled rune of Zot
 63076 | Shoals:4 | Reached XP level 20. HP: 114/117 MP: 28/49
 64170 | Vaults:1 | Entered Level 1 of the Vaults
 64308 | Vaults:1 | Reached skill level 10 in Fighting
 64648 | Vaults:1 | Identified the +5 morningstar of Balance {flame, +Blink}
 64989 | Vaults:1 | Found Vatouto's General Store.
 64990 | Vaults:1 | Found Dokaqe's Distillery.
 65008 | Vaults:1 | Bought a potion of brilliance for 52 gold pieces
 65056 | Vaults:1 | Found Vugom's Assorted Antiques.
 65314 | Vaults:1 | Identified the +5 rapier of War {flame, Str+4 Int+6}
 65770 | Vaults:1 | Reached skill level 10 in Necromancy
 68275 | Vaults:3 | Found a staircase to the Crypt.
 68311 | Vaults:3 | Reached skill level 15 in Dodging
 68488 | Vaults:3 | Found a crumbling gateway.
 68554 | Desolati | Entered the Desolation of Salt
 68839 | Desolati | Identified the ring "Lemo Fyi" {Wiz Str+3}
 68936 | Desolati | Identified the ring "Ugeqiuc" {+Blink rF+++ Will+ Int-3
                  | Stlth-}
 68940 | Desolati | Reached XP level 21. HP: 101/123 MP: 11/51
 69442 | Desolati | Identified the amulet of Lafrikle {-Tele *Slow rN+++ Regen+
                  | SInv}
 69447 | Desolati | Identified the amulet of the Hidden Blessings {Will+ Regen+
                  | Dex+2}
 69770 | Desolati | Found the +8 demon trident "Rift" {distort, reach+}
 69790 | Desolati | Got the Compilation of the Lithic Jaunt
 69798 | Desolati | Got Vosougg's Catalogue of the Familiar
 70435 | Temple   | Upgraded the game from 0.30-a0-777-ga9a30cbeda to
                  | 0.30-a0-778-g2ef04afb54
 71959 | Vaults:4 | Learned a level 9 spell: Fire Storm
 72028 | Vaults:4 | Reached skill level 5 in Shields
 73915 | Depths:1 | Entered Level 1 of the Depths
 74483 | Depths:1 | Found a gateway to Hell.
 74490 | Depths:1 | Noticed the Enchantress
 74500 | Depths:1 | Killed the Enchantress
 74893 | Depths:1 | Found Leizxan's Weapon Boutique.
 75135 | Depths:1 | Found Waacweev's Gadget Gallery.
 75344 | Depths:2 | Reached XP level 22. HP: 99/128 MP: 24/54
 75493 | Depths:2 | Identified the +7 spear "Lywebrot" {vamp, rC+}
 75747 | Depths:2 | Found a one-way gate leading to the halls of Pandemonium.
 76042 | Depths:2 | Reached skill level 5 in Armour
 77623 | Depths:3 | Noticed Mennas
 77655 | Depths:3 | Killed Mennas
 79241 | Depths:3 | Found a one-way gateway to a ziggurat.
 79251 | Depths:3 | Reached skill level 27 in Spellcasting
 79333 | Depths:3 | Noticed Margery
 79343 | Depths:3 | Killed Margery
 79828 | Temple   | Learned a level 9 spell: Shatter
 80060 | Depths:4 | Entered Level 4 of the Depths
 80078 | Depths:4 | Found a flickering gateway to a bazaar.
 80087 | Bazaar   | Entered a bazaar
 80087 | Bazaar   | Found Doujaedu's Antique Weapon Boutique.
 80087 | Bazaar   | Found Piutofucul's Weapon Shop.
 80087 | Bazaar   | Found Tataddao's Armour Shop.
 80105 | Bazaar   | Bought a shimmering war axe for 212 gold pieces
 80105 | Bazaar   | Identified the +9 war axe of Sagil {flame, rCorr Int+3
                  | Dex+2} (You bought it in a shop in a bazaar)
 80674 | Depths:4 | Reached XP level 23. HP: 135/135 MP: 43/56
 80785 | Depths:4 | Found a gate to the Realm of Zot.
 81700 | Slime:1  | Entered Level 1 of the Pits of Slime
 82289 | Slime:2  | Gained mutation: You are dopey. (Int -2) [a shining eye]
 82884 | Slime:1  | Gained mutation: You are vulnerable to cold. (rC-) [a
                  | shining eye]
 83189 | Slime:3  | Reached skill level 15 in Fire Magic
 84832 | Slime:5  | Entered Level 5 of the Pits of Slime
 85153 | Slime:5  | Noticed the Royal Jelly
 85158 | Slime:5  | Killed the Royal Jelly
 85623 | Slime:5  | Identified the +11 dagger of Ekhlytweg {heavy, rF+ Dex+3}
 85642 | Slime:5  | Identified the +0 spear "Ickucvus" {speed, *Corrode Int+5
                  | Dex+3}
 85696 | Slime:5  | Identified the +2 pair of gloves "Weubim" {rF- rC- Str+3
                  | Dex+6}
 85713 | Slime:5  | Got a slimy rune of Zot
 85792 | Slime:5  | Identified the +2 ring mail of Coyrhey {Drain Will+ rCorr}
 85828 | Slime:5  | Got the Anthology of Unstable Creation
 85847 | Slime:5  | Got Sif Muna's Elucidation of Wild Haze
 86562 | D:11     | Bought a scroll of summoning for 114 gold pieces
 86596 | D:11     | Bought a scroll of enchant armour for 150 gold pieces
 86596 | D:11     | Bought a scroll of enchant weapon for 150 gold pieces
 86596 | D:11     | Bought a potion of curing for 60 gold pieces
 86653 | D:10     | Bought a potion of heal wounds for 140 gold pieces
 86653 | D:10     | Bought a scroll of teleportation for 84 gold pieces
 86653 | D:10     | Bought a glowing hat for 196 gold pieces
 86814 | Shoals:3 | Bought a shiny helmet for 165 gold pieces
 87037 | Orc:1    | Bought a potion of mutation for 104 gold pieces
 87037 | Orc:1    | Bought a potion of curing for 39 gold pieces
 87225 | Orc:1    | Bought a glowing cloak for 202 gold pieces
 87225 | Orc:1    | Bought a warped leather armour for 189 gold pieces
 87225 | Orc:1    | Identified the +1 leather armour of Negligence {rPois} (You
                  | bought it in a shop on level 1 of the Orcish Mines)
 87329 | Elf:1    | Bought a glowing helmet for 195 gold pieces
 87546 | Temple   | Lost mutation: You are vulnerable to cold. (rC-) [potion of
                  | mutation]
 87546 | Temple   | Lost mutation: You are dopey. (Int -2) [potion of mutation]
 87546 | Temple   | Gained mutation: You occasionally lose the ability to read
                  | scrolls when taking damage. [potion of mutation]
 87546 | Temple   | Gained mutation: Your spells are a little easier to cast,
                  | but a little less powerful. [potion of mutation]
 87546 | Temple   | Gained mutation: You are robust. (+10% HP) [potion of
                  | mutation]
 87548 | Temple   | Lost mutation: You are robust. (+10% HP) [potion of
                  | mutation]
 87548 | Temple   | Lost mutation: You occasionally lose the ability to read
                  | scrolls when taking damage. [potion of mutation]
 87548 | Temple   | Gained mutation: You possess an exceptional clarity of
                  | mind. [potion of mutation]
 87548 | Temple   | Gained mutation: You passively dampen the noise of your
                  | surroundings. [potion of mutation]
 87570 | Temple   | Learned a level 8 spell: Necromutation
 87819 | Crypt:1  | Entered Level 1 of the Crypt
 88150 | Crypt:1  | Reached skill level 1 in Transmutations
 88648 | Crypt:1  | Noticed Zenata
 88651 | Crypt:1  | Killed Zenata
 88654 | Crypt:1  | Reached XP level 24. HP: 140/140 MP: 29/56
 88985 | Crypt:1  | Noticed Jory
 88989 | Crypt:1  | Killed Jory
 89254 | Crypt:1  | Noticed Boris
 89257 | Crypt:1  | Killed Boris
 91197 | Crypt:3  | Entered Level 3 of the Crypt
 91453 | Crypt:3  | Found a staircase to the Tomb.
 92841 | Crypt:3  | Found a basalt altar of Yredelemnul.
 93052 | Crypt:3  | Identified the +6 whip "Nanuvic" {freeze, Int+5}
 93057 | Crypt:3  | Got Borgnjor's Grimoire of the Grave
 93071 | Crypt:3  | Identified the +9 morningstar of Dont {heavy, rElec rN+}
 93073 | Crypt:3  | Identified the ring "Cireol" {rPois rF+ rC- rN+ Dex+2}
 93073 | Crypt:3  | Identified the ring "Haeta" {rN+ Str+2 Int-3 SInv}
 93073 | Crypt:3  | Identified the ring "Duoply" {rF+ rN+ SInv}
 94461 | Vaults:5 | Entered Level 5 of the Vaults
 94540 | Vaults:5 | Killed Saint Roka
 94542 | Vaults:5 | Reached XP level 25. HP: 111/147 MP: 53/56
 94780 | Vaults:5 | Reached skill level 5 in Transmutations
 94914 | Vaults:5 | Reached skill level 15 in Earth Magic
 95554 | Vaults:5 | Identified the +5 great sword "Giantbane" {vamp, rPois
                  | Str+2}
 95563 | Vaults:5 | Got a silver rune of Zot
 96360 | Vaults:5 | Identified the ring "Pybaudgh" {Ice SInv Stlth+}
 96386 | Vaults:5 | Identified the +8 quarterstaff of Makhleb's Inspiration
                  | {flame, Contam Int+4 SInv}
 96409 | Vaults:5 | Identified the +3 short sword "Boqas" {venom, rC+}
 96413 | Vaults:5 | Identified the +9 scale mail "Heisudol" {+Inv rF++ rC+
                  | Dex-5}
 96436 | Vaults:5 | Identified the ring of Rudip {Str+6 Dex+2}
 96446 | Vaults:5 | Identified the +6 morningstar of Afad {venom, rF+ Str+2}
 96449 | Vaults:5 | Identified the +2 morningstar "Fituoj Coka" {heavy, rF+}
 97886 | Hell     | Entered the Vestibule of Hell
 97886 | Hell     | Noticed Geryon
 97892 | Hell     | Killed Geryon
 97902 | Hell     | Noticed Murray
 97906 | Hell     | Killed Murray
 98116 | Hell     | Found a gateway to the decaying netherworld of Tartarus.
 98348 | Hell     | Found a gateway to the freezing wastes of Cocytus.
 98449 | Hell     | Found a gateway to the Iron City of Dis.
 98551 | Hell     | Found a gateway to the ashen valley of Gehenna.
 98755 | Zot:1    | Entered Level 1 of the Realm of Zot
 99495 | Zot:1    | Reached XP level 26. HP: 142/154 MP: 52/56
100816 | Zot:2    | Identified the +1 cloak of the Butterfly {rElec rF+ Slay+3}
102572 | Zot:3    | Noticed an orb of fire
102577 | Zot:3    | Killed an orb of fire
102578 | Zot:3    | Reached skill level 15 in Necromancy
103416 | Zot:4    | Identified the ring "Numnier" {rF+ rN+ Will+}
103730 | Zot:4    | Identified the +1 leather armour of the Divine God {Rampage
                  | rPois}
105058 | Zot:5    | Entered Level 5 of the Realm of Zot
105068 | Zot:5    | Noticed greenbourne's ghost (legendary DjHW)
105069 | Zot:5    | Found a transporter.
105245 | Zot:5    | Found a transporter.
105450 | Zot:5    | Found Hanu's Changing Room.
107025 | Zot:5    | Reached XP level 27. HP: 148/160 MP: 38/56
107161 | Zot:5    | Reached skill level 10 in Shields
107590 | Zot:5    | Killed greenbourne's ghost
107734 | Zot:5    | Identified the +0 helmet of Forking Paths {rF- rN+++ Str+3
                  | Int-5}
107736 | Zot:5    | Identified the +1 cloak of the Elven Halls {Regen+}
107856 | Zot:5    | Found the +4 dragonskin cloak
107856 | Zot:5    | Noticed Tiamat
107875 | Zot:5    | Killed Tiamat
107990 | Zot:5    | Noticed an ancient lich
107994 | Zot:5    | Killed an ancient lich
107994 | Zot:5    | Paralysed by a Zot trap for 4 turns
107996 | Zot:5    | Noticed an orb of fire
108012 | Zot:5    | Gained mutation: Armour fits poorly on your strangely
                  | shaped body. [mutagenic glow]
108013 | Zot:5    | Killed an orb of fire
108957 | Zot:5    | Reached skill level 1 in Summonings
108999 | Zot:5    | Noticed an orb of fire
109114 | Zot:5    | Killed an orb of fire
109309 | Zot:5    | Identified the +1 ring mail "Wemmyud" {rF+ rC+ Int-4}
109335 | Zot:5    | Noticed an orb of fire
109339 | Zot:5    | Killed an orb of fire
109340 | Zot:5    | Noticed an ancient lich
109349 | Zot:5    | Killed an ancient lich
109484 | Zot:5    | Noticed an orb of fire
109488 | Zot:5    | Killed an orb of fire
110225 | Temple   | Lost mutation: Your spells are a little easier to cast, but
                  | a little less powerful. [potion of mutation]
110225 | Temple   | Lost mutation: Armour fits poorly on your strangely shaped
                  | body. [potion of mutation]
110225 | Temple   | Gained mutation: Your magical capacity is low. (-10% MP)
                  | [potion of mutation]
110225 | Temple   | Gained mutation: You have large cloven feet. [potion of
                  | mutation]
110225 | Temple   | Gained mutation: Your spells are a little harder to cast,
                  | but a little more powerful. [potion of mutation]
110581 | Tomb:1   | Entered Level 1 of the Tomb of the Ancients
111271 | Tomb:1   | Noticed a royal mummy
111276 | Tomb:1   | Killed a royal mummy
111443 | Tomb:1   | Noticed a royal mummy
111449 | Tomb:1   | Killed a royal mummy
111477 | Tomb:1   | Reached skill level 10 in Armour
112075 | Tomb:1   | Noticed a royal mummy
112081 | Tomb:1   | Killed a royal mummy
112150 | Tomb:1   | Noticed a royal mummy
112156 | Tomb:1   | Killed a royal mummy
112192 | Tomb:1   | Noticed a royal mummy
112235 | Tomb:1   | Killed a royal mummy
112306 | Tomb:1   | Noticed a royal mummy
112311 | Tomb:1   | Killed a royal mummy
112320 | Tomb:1   | Noticed a royal mummy
112324 | Tomb:1   | Noticed a royal mummy
112325 | Tomb:1   | Killed a royal mummy
112337 | Tomb:1   | Killed a royal mummy
112433 | Tomb:1   | Noticed a royal mummy
112438 | Tomb:1   | Killed a royal mummy
112588 | Tomb:1   | Noticed a royal mummy
112589 | Tomb:1   | Noticed a royal mummy
112592 | Tomb:1   | Killed a royal mummy
112592 | Tomb:1   | Killed a royal mummy
112596 | Tomb:1   | Noticed a royal mummy
112602 | Tomb:1   | Killed a royal mummy
112712 | Tomb:1   | Noticed a royal mummy
112716 | Tomb:1   | Killed a royal mummy
112980 | Tomb:2   | Reached skill level 10 in Transmutations
113233 | Tomb:2   | Noticed a royal mummy
113235 | Tomb:2   | Noticed a royal mummy
113238 | Tomb:2   | Noticed a royal mummy
113239 | Tomb:2   | Killed a royal mummy
113239 | Tomb:2   | Killed a royal mummy
113242 | Tomb:2   | Killed a royal mummy
113242 | Tomb:2   | Noticed a royal mummy
113366 | Tomb:2   | Noticed a royal mummy
113371 | Tomb:2   | Killed a royal mummy
113371 | Tomb:2   | Killed a royal mummy
113975 | Tomb:3   | Entered Level 3 of the Tomb of the Ancients
114003 | Tomb:3   | Noticed a royal mummy
114006 | Tomb:3   | Noticed a royal mummy
114006 | Tomb:3   | Noticed a royal mummy
114006 | Tomb:3   | Noticed a royal mummy
114006 | Tomb:3   | Noticed a royal mummy
114006 | Tomb:3   | Noticed a royal mummy
114008 | Tomb:3   | Killed a royal mummy
114009 | Tomb:3   | Noticed a royal mummy
114010 | Tomb:3   | Killed a royal mummy
114011 | Tomb:3   | Killed a royal mummy
114011 | Tomb:3   | Killed a royal mummy
114012 | Tomb:3   | Killed a royal mummy
114012 | Tomb:3   | Killed a royal mummy
114012 | Tomb:3   | Killed a royal mummy
114020 | Tomb:3   | Noticed a royal mummy
114022 | Tomb:3   | Noticed a royal mummy
114026 | Tomb:3   | Killed a royal mummy
114029 | Tomb:3   | Killed a royal mummy
114293 | Tomb:3   | Got a golden rune of Zot
114740 | Tomb:3   | Identified the ring of Uskayaw, Enchanting {Ice Int+3
                  | Dex+3}
114742 | Tomb:3   | Identified the amulet "Emnoitz" {Contam rF+ Regen+ rCorr
                  | Str+2}
114747 | Tomb:3   | Identified the +7 morningstar "Concordance" {flame, rF+}
114766 | Tomb:3   | Identified the +2 morningstar of Poemamp {elec, +Blink rF+
                  | Dex+6}
114768 | Tomb:3   | Identified the +7 scimitar of Ulyamid {heavy, Str+5 Int-2}
115297 | Vaults:1 | Bought a potion of curing for 42 gold pieces
115297 | Vaults:1 | Bought a potion of heal wounds for 70 gold pieces
115297 | Vaults:1 | Bought a potion of cancellation for 112 gold pieces
115297 | Vaults:1 | Bought a potion of haste for 140 gold pieces
115297 | Vaults:1 | Bought a potion of resistance for 140 gold pieces
115297 | Vaults:1 | Bought a potion of invisibility for 112 gold pieces
115318 | Vaults:1 | Bought a long brass wand for 124 gold pieces
115318 | Vaults:1 | Bought a potion of curing for 93 gold pieces
115318 | Vaults:1 | Bought a twisted whip for 232 gold pieces
115318 | Vaults:1 | Identified the +8 whip "Jeneoh" {venom, Will++ rCorr} (You
                  | bought it in a shop on level 1 of the Vaults)
115455 | D:13     | Bought a scroll of magic mapping for 97 gold pieces
115455 | D:13     | Bought a scroll of enchant weapon for 97 gold pieces
115455 | D:13     | Bought a scroll of enchant armour for 97 gold pieces
116520 | Coc:1    | Entered Level 1 of Cocytus
116606 | Coc:1    | Reached skill level 1 in Ice Magic
117126 | Coc:2    | Paralysed by a wendigo for 1 turns
119265 | Coc:7    | Entered Level 7 of Cocytus
119941 | Coc:7    | Noticed an ancient lich
119947 | Coc:7    | Killed an ancient lich
120217 | Coc:7    | Noticed Antaeus
120241 | Coc:7    | Reached skill level 5 in Ice Magic
120300 | Coc:7    | Killed Antaeus
120643 | Coc:7    | Noticed an ancient lich
120651 | Coc:7    | Killed an ancient lich
120834 | Coc:7    | Got an icy rune of Zot
120872 | Coc:7    | Identified the ring "Nimituxt" {rElec EV+5}
120874 | Coc:7    | Identified the +0 cloak of a Million Quests {Regen+}
120876 | Coc:7    | Identified the +3 ring mail "Bumumn" {*Slow Will++ Dex+4}
121427 | Shoals:3 | Bought a translucent ring mail for 270 gold pieces
121427 | Shoals:3 | Identified the +5 ring mail of the Stone Wall {Rampage
                  | *Slow rC+} (You bought it in a shop on level 3 of the
                  | Shoals)
121427 | Shoals:3 | Bought a potion of heal wounds for 150 gold pieces
121472 | Shoals:3 | Bought +0 pearl dragon scales for 1800 gold pieces
121501 | Shoals:3 | Bought a dazzling chain mail for 209 gold pieces
121501 | Shoals:3 | Identified the +0 chain mail "Tautagu" {rF+} (You bought it
                  | in a shop on level 3 of the Shoals)
122043 | Dis:1    | Entered Level 1 of the Iron City of Dis
122043 | Dis:1    | Noticed a dread lich
122045 | Dis:1    | Killed a dread lich
122525 | Dis:2    | Reached skill level 15 in Fighting
122691 | Dis:3    | Noticed a dread lich
122694 | Dis:3    | Killed a dread lich
124248 | Dis:5    | Noticed a dread lich
124252 | Dis:5    | Killed a dread lich
124757 | Dis:7    | Entered Level 7 of the Iron City of Dis
126264 | Dis:7    | Noticed a juggernaut
126269 | Dis:7    | Killed a juggernaut
126522 | Dis:7    | Noticed a juggernaut
126527 | Dis:7    | Killed a juggernaut
127283 | Dis:7    | Noticed a juggernaut
127287 | Dis:7    | Killed a juggernaut
127460 | Dis:7    | Found the +4 staff of Dispater
127460 | Dis:7    | Noticed Dispater
127475 | Dis:7    | Killed Dispater
127508 | Dis:7    | Got an iron rune of Zot
127968 | Temple   | Learned a level 9 spell: Death's Door
128652 | Tar:1    | Entered Level 1 of Tartarus
129102 | Tar:2    | You fall into a shaft and drop 2 floors!
129102 | Tar:4    | Noticed an ancient lich
129102 | Tar:4    | Noticed an ancient lich
129102 | Tar:4    | Noticed an ancient lich
129102 | Tar:4    | Noticed an ancient lich
129103 | Tar:4    | Noticed an ancient lich
129103 | Tar:4    | Noticed a dread lich
129103 | Tar:4    | Noticed an ancient lich
129103 | Tar:4    | Noticed a dread lich
129109 | Hell     | Killed an ancient lich
129111 | Hell     | Killed an ancient lich
129649 | Tar:4    | Killed a dread lich
129649 | Tar:4    | Killed an ancient lich
129649 | Tar:4    | Killed an ancient lich
129649 | Tar:4    | Killed an ancient lich
129649 | Tar:4    | Killed a dread lich
129649 | Tar:4    | Killed an ancient lich
130364 | Tar:6    | Reached skill level 5 in Evocations
130958 | Tar:7    | Entered Level 7 of Tartarus
130992 | Tar:7    | Reached skill level 10 in Ice Magic
131375 | Tar:7    | Noticed a dread lich
131377 | Tar:7    | Killed a dread lich
131550 | Tar:7    | Noticed a dread lich
131555 | Tar:7    | Killed a dread lich
131602 | Tar:7    | Reached skill level 15 in Transmutations
131861 | Tar:7    | Reached skill level 27 in Conjurations
131914 | Tar:7    | Reached skill level 5 in Summonings
132005 | Tar:7    | Noticed the Serpent of Hell
132013 | Tar:7    | Killed the Serpent of Hell
132025 | Tar:7    | Noticed a dread lich
132027 | Tar:7    | Killed a dread lich
132191 | Tar:7    | Identified the +4 flail of Fyme {spect, Int+2}
132193 | Tar:7    | Identified the +9 quarterstaff "Noiv Kay" {heavy, Will+
                  | rCorr Dex+3}
132229 | Tar:7    | Identified the +7 swamp dragon scales of Pessimism {Fly
                  | rElec rPois Regen+ Dex-3}
132366 | Tar:7    | Noticed Ereshkigal
132370 | Tar:7    | Killed Ereshkigal
132400 | Tar:7    | Got a bone rune of Zot
132809 | Tar:7    | Identified the amulet "Vizi" {Faith Str+3 Slay+3}
132814 | Tar:7    | Identified the +4 short sword of Watchfulness {venom, rC+}
132873 | Tar:7    | Found the +15 Maxwell's patent armour {-Cast -Tele rElec
                  | Will+ rCorr}
132893 | Tar:7    | Got the Elucidation of Envenoming and Company
133813 | Geh:1    | Entered Level 1 of Gehenna
133921 | Geh:1    | Noticed an ancient lich
133925 | Geh:1    | Killed an ancient lich
134293 | Geh:2    | Reached skill level 15 in Armour
135999 | Geh:6    | Lost strength.
136569 | Geh:7    | Entered Level 7 of Gehenna
138081 | Geh:7    | Found the +7 sceptre of Asmodeus
138081 | Geh:7    | Noticed Asmodeus
138989 | Geh:7    | Identified the +1 pair of boots of Miracles {Dex+3}
139360 | Geh:7    | Killed Asmodeus
139415 | Geh:7    | Got an obsidian rune of Zot
140590 | Depths:3 | Voluntarily entered the Abyss.
140631 | Abyss:1  | Found a corrupted altar of Lugonu.
140643 | Abyss:1  | Found a corrupted altar of Lugonu.
140643 | Abyss:1  | Found a corrupted altar of Lugonu.
140663 | Abyss:1  | Found a corrupted altar of Lugonu.
140663 | Abyss:1  | Found a corrupted altar of Lugonu.
140758 | Depths:3 | Escaped the Abyss
140832 | Depths:3 | Voluntarily entered the Abyss.
140833 | Abyss:1  | Found a corrupted altar of Lugonu.
140840 | Abyss:1  | Found a transporter.
140842 | Abyss:1  | Found a corrupted altar of Lugonu.
140877 | Abyss:1  | Identified the amulet "Yruat" {Regen+ Int+3 Dex+6}
140904 | Abyss:1  | Found a transporter.
140951 | Abyss:1  | Found a transporter.
140951 | Abyss:1  | Found a transporter.
140982 | Depths:3 | Escaped the Abyss
140998 | Depths:3 | Voluntarily entered the Abyss.
140998 | Abyss:1  | Found a corrupted altar of Lugonu.
141129 | Depths:3 | Escaped the Abyss
141149 | Depths:3 | Voluntarily entered the Abyss.
141229 | Depths:3 | Escaped the Abyss
141247 | Depths:3 | Voluntarily entered the Abyss.
141318 | Abyss:1  | Noticed a dread lich
141322 | Abyss:1  | Killed a dread lich
141325 | Depths:3 | Escaped the Abyss
141490 | Depths:3 | Voluntarily entered the Abyss.
141490 | Abyss:1  | Found a corrupted altar of Lugonu.
141519 | Abyss:1  | Found a corrupted altar of Lugonu.
141522 | Abyss:1  | Found a corrupted altar of Lugonu.
141522 | Abyss:1  | Found a corrupted altar of Lugonu.
141558 | Depths:3 | Escaped the Abyss
141572 | Depths:3 | Voluntarily entered the Abyss.
141583 | Abyss:1  | Found a corrupted altar of Lugonu.
141644 | Abyss:1  | Found a corrupted altar of Lugonu.
142024 | Depths:3 | Escaped the Abyss
142051 | Depths:3 | Voluntarily entered the Abyss.
142070 | Abyss:1  | Found a hide-covered altar of Uskayaw.
142199 | Abyss:1  | Found a corrupted altar of Lugonu.
142560 | Depths:3 | Escaped the Abyss
142574 | Depths:3 | Voluntarily entered the Abyss.
142772 | Abyss:1  | Reached skill level 10 in Evocations
142864 | Abyss:1  | Reached skill level 15 in Shields
143218 | Abyss:1  | Found a corrupted altar of Lugonu.
143415 | Depths:3 | Escaped the Abyss
143452 | Depths:3 | Voluntarily entered the Abyss.
143860 | Abyss:4  | Found a corrupted altar of Lugonu.
143896 | Abyss:4  | Found a corrupted altar of Lugonu.
143902 | Abyss:4  | Found a corrupted altar of Lugonu.
143902 | Abyss:4  | Found a corrupted altar of Lugonu.
143931 | Abyss:4  | Paralysed by an air elemental for 1 turns
144039 | Depths:3 | Escaped the Abyss
144093 | Depths:3 | Voluntarily entered the Abyss.
144112 | Abyss:4  | Found a corrupted altar of Lugonu.
144125 | Abyss:4  | Got an abyssal rune of Zot
144200 | Depths:3 | Escaped the Abyss
144737 | Pan      | Entered Pandemonium
145140 | Pan      | Noticed Dennialyt the pandemonium lord
145150 | Pan      | Killed Dennialyt the pandemonium lord
145180 | Pan      | Got a demonic rune of Zot
146202 | Pan      | Acquired the -1 pair of boots of Qeofuc {rPois rN++ rCorr
                  | Int-3}
146688 | Pan      | Noticed Yshaavao the pandemonium lord
146691 | Pan      | Killed Yshaavao the pandemonium lord
147436 | Depths:2 | Escaped Pandemonium
147912 | Pan      | Entered the realm of Lom Lobon.
147912 | Pan      | Entered Pandemonium
148177 | Pan      | Found an exit through the horrors of the Abyss.
149501 | Pan      | Noticed Lom Lobon
149518 | Pan      | Killed Lom Lobon
149941 | Pan      | Got a magical rune of Zot
150669 | Pan      | Found an exit through the horrors of the Abyss.
150746 | Pan      | Identified the +1 trident of Hepliaklqana {freeze, *Rage
                  | Str+8}
152323 | Pan      | Noticed Opilecuz the pandemonium lord
152327 | Pan      | Killed Opilecuz the pandemonium lord
153080 | Pan      | Reached skill level 5 in Throwing
154515 | Pan      | Noticed Pishru the pandemonium lord
154519 | Pan      | Killed Pishru the pandemonium lord
154716 | Pan      | Found an exit through the horrors of the Abyss.
154986 | Pan      | Entered the realm of Mnoleg.
155395 | Pan      | Found an exit through the horrors of the Abyss.
155701 | Pan      | Reached skill level 15 in Ice Magic
156443 | Pan      | Noticed Mnoleg
156455 | Pan      | Killed Mnoleg
156628 | Pan      | Got a glowing rune of Zot
157823 | Pan      | Found an exit through the horrors of the Abyss.
158554 | Pan      | Entered the realm of Gloorx Vloq.
159307 | Pan      | Found an exit through the horrors of the Abyss.
160192 | Pan      | Noticed Gloorx Vloq
160196 | Pan      | Killed Gloorx Vloq
160250 | Pan      | Got a dark rune of Zot
160662 | Pan      | Noticed Abanlun the pandemonium lord
160665 | Pan      | Killed Abanlun the pandemonium lord
160742 | Pan      | Found a runed translucent door.
161252 | Pan      | Found an exit through the horrors of the Abyss.
162445 | Pan      | Entered the realm of Cerebov.
162844 | Pan      | Found an exit through the horrors of the Abyss.
163535 | Pan      | Identified the +1 rapier "Kuger" {heavy, *Noise rPois rC+
                  | Dex+3}
163805 | Pan      | Identified the +1 leather armour "Berghiec" {rN+}
164075 | Pan      | Got the Atlas of Overcast Bruises
164654 | Pan      | Got a fiery rune of Zot
164693 | Pan      | Found the +6 sword of Cerebov {flame}
164693 | Pan      | Noticed Cerebov
165120 | Pan      | Killed Cerebov
165780 | Pan      | Identified the +1 robe of Yesterday {Harm}
165792 | Pan      | Took an exit into the Abyss.
165792 | Abyss:4  | Escaped into the Abyss
165801 | Depths:2 | Escaped the Abyss
166484 | Zig:1    | Entered Level 1 of a ziggurat
166510 | Zig:2    | Entered Level 2 of a ziggurat
166545 | Zig:3    | Entered Level 3 of a ziggurat
166549 | Zig:3    | Noticed Lioggaunt the pandemonium lord
166552 | Zig:3    | Killed Lioggaunt the pandemonium lord
166562 | Zig:3    | Identified the +3 flail "Vaophesm" {vamp, rElec Str+2}
166588 | Zig:4    | Entered Level 4 of a ziggurat
166591 | Zig:4    | Noticed Uleim the pandemonium lord
166594 | Zig:4    | Killed Uleim the pandemonium lord
166700 | Zig:5    | Entered Level 5 of a ziggurat
166766 | Zig:5    | Reached skill level 10 in Throwing
166780 | Zig:6    | Entered Level 6 of a ziggurat
166797 | Zig:6    | Identified the ring "Hinliun" {rCorr Int+3 Slay+4}
166819 | Zig:6    | Reached skill level 15 in Evocations
166840 | Zig:7    | Entered Level 7 of a ziggurat
166997 | Zig:8    | Entered Level 8 of a ziggurat
167156 | Zig:9    | Entered Level 9 of a ziggurat
167174 | Zig:9    | Found the +4 skin of Zhor {*Englaciate rC+++ SInv}
167208 | Zig:9    | Identified the +5 halberd "Wuhulepto" {distort, Contam
                  | Str+7 SInv}
167209 | Zig:9    | Identified the ring of Sots {Wiz rPois Stlth+}
167264 | Zig:10   | Entered Level 10 of a ziggurat
167275 | Zig:10   | Noticed a royal mummy
167277 | Zig:10   | Noticed a royal mummy
167278 | Zig:10   | Killed a royal mummy
167284 | Zig:10   | Killed a royal mummy
167334 | Zig:10   | Found the macabre finger necklace {Finger+ rN+}
167335 | Zig:10   | Found the +13 scythe of Curses {drain, curses, Drain}
167485 | Zig:11   | Entered Level 11 of a ziggurat
167555 | Zig:11   | Identified the +8 great sword of Uddar {drain, *Rage Int+3}
167831 | Zig:12   | Entered Level 12 of a ziggurat
167863 | Zig:12   | Identified the +1 buckler of the Wasteland {Rampage rN+}
167869 | Zig:12   | Identified the ring "Iluinos" {rCorr Str+3 Int+2 SInv}
167872 | Zig:12   | Got the Encyclopedia of the Arctic Dragon
167879 | Zig:12   | Identified the +8 morningstar of Sunlight {drain, rPois}
167886 | Zig:12   | Identified the +1 robe of Geghidon {rElec rF++}
167927 | Zig:13   | Entered Level 13 of a ziggurat
167968 | Zig:13   | Identified the +0 chain mail of Divine Compulsion {Dex+5}
168084 | Zig:14   | Entered Level 14 of a ziggurat
168208 | Zig:14   | Identified the +4 dagger "Vufrossal" {pain, rC++ MP+9 Int-3
                  | SInv}
168237 | Zig:14   | Identified the +1 battleaxe "Ugutos Tafu" {venom, Int+3}
168413 | Zig:15   | Entered Level 15 of a ziggurat
168511 | Zig:15   | Identified the +5 long sword of Blood {flame, rPois rN++
                  | Dex-5 Stlth+}
168517 | Zig:15   | Identified the +7 dagger of Revolt {speed, Fly rPois
                  | Will+++ Int-3}
168534 | Zig:15   | Identified the +6 spear of Eternal Night {venom, rF+++ rC+
                  | Int-5 Dex+4}
168610 | Zig:16   | Entered Level 16 of a ziggurat
168804 | Zig:17   | Entered Level 17 of a ziggurat
169157 | Zig:17   | Found the +5 demon whip "Spellbinder" {antimagic, disrupt,
                  | Will+}
169189 | Zig:17   | Identified the +11 hand axe "Death Rattle" {venom, rF-
                  | Will+ Str+3}
169208 | Zig:17   | Identified the +6 hand axe "Jumur" {holy, rElec}
169233 | Zig:17   | Acquired a book of Necromancy
169237 | Zig:17   | Acquired 889 gold pieces
169383 | Zig:18   | Entered Level 18 of a ziggurat
169614 | Zig:18   | Found the +7 lajatang of Order {silver, rMut}
169615 | Zig:18   | Found the +8 mithril axe "Arga" {speed, Will+}
169640 | Zig:18   | Identified the ring of Plog {rC+ rCorr Str+3}
169649 | Zig:18   | Identified the +8 scimitar "Bung" {venom, Dex+2}
169650 | Zig:18   | Identified the +2 robe of the Mackerel {Dex+2}
169675 | Zig:18   | Identified the +1 glaive "Xiamm" {freeze, Int+3}
169701 | Zig:18   | Acquired a manual of Ice Magic
169792 | Zig:19   | Entered Level 19 of a ziggurat
169932 | Zig:19   | Found the +1 cloak of Starlight {*Dazzle EV+4 Stlth--}
169933 | Zig:19   | Found the dreamshard necklace {*Dream Drain}
169945 | Zig:19   | Identified the +8 short sword of Vuaras {flame, Int+4}
170012 | Zig:20   | Entered Level 20 of a ziggurat
170205 | Zig:20   | Reached skill level 15 in Throwing
170236 | Zig:20   | Identified the +8 dagger "Patiom" {spect, rF+ Int+5}
170268 | Zig:20   | Identified the +4 scimitar of World's End {freeze, SInv}
170476 | Zig:21   | Entered Level 21 of a ziggurat
170817 | Zig:21   | Identified the ring "Joekeor" {rN+ Stlth+}
170824 | Zig:21   | Identified the +2 arbalest of Twilight {drain, *Corrode
                  | rElec Str+5}
170833 | Zig:21   | Identified the +0 robe of Makhleb's Grace {+Inv Str-5
                  | Archmagi}
170854 | Zig:21   | Identified the +7 halberd of Utef {heavy, *Rage rN++ Str-4
                  | Dex+8}
170928 | Zig:22   | Entered Level 22 of a ziggurat
171364 | Zig:22   | Identified the ring of Propriety {rPois Will- AC+4 Int+3
                  | Dex+3}
171380 | Zig:22   | Identified the amulet of the Flying Gods {Acrobat *Slow
                  | rN++ Int+5}
171385 | Zig:22   | Identified the +5 leather armour of Gozag's Whim {+Blink}
171390 | Zig:22   | Identified the +10 morningstar of the Poles {heavy, Int+2}
171409 | Zig:22   | Identified the ring of Akeop {Fire Will+ Dex+3}
171410 | Zig:22   | Identified the +2 executioner's axe of Hiqi Huh {elec,
                  | rPois Str+3 Dex+5}
171415 | Zig:22   | Identified the +3 hand axe of Fiplez {venom, Str+3 SInv}
171518 | Zig:23   | Entered Level 23 of a ziggurat
171610 | Zig:23   | Noticed a dread lich
171617 | Zig:23   | Killed a dread lich
171904 | Zig:23   | Got the Tome of the Atmospheric Body
171943 | Zig:23   | Identified the +1 helmet "Vawkacrif" {rC++ Int-4}
172002 | Zig:24   | Entered Level 24 of a ziggurat
172017 | Zig:24   | Noticed a juggernaut
172021 | Zig:24   | Noticed a juggernaut
172022 | Zig:24   | Killed a juggernaut
172027 | Zig:24   | Noticed a juggernaut
172028 | Zig:24   | Killed a juggernaut
172034 | Zig:24   | Killed a juggernaut
172034 | Zig:24   | Noticed a juggernaut
172093 | Zig:24   | Noticed a juggernaut
172094 | Zig:24   | Noticed a juggernaut
172103 | Zig:24   | Killed a juggernaut
172111 | Zig:24   | Noticed a juggernaut
172112 | Zig:24   | Killed a juggernaut
172113 | Zig:24   | Killed a juggernaut
172114 | Zig:24   | Noticed a juggernaut
172115 | Zig:24   | Noticed a juggernaut
172118 | Zig:24   | Killed a juggernaut
172119 | Zig:24   | Killed a juggernaut
172120 | Zig:24   | Reached skill level 27 in Dodging
172120 | Zig:24   | Killed a juggernaut
172130 | Zig:24   | Noticed a juggernaut
172133 | Zig:24   | Killed a juggernaut
172227 | Zig:24   | Noticed a juggernaut
172232 | Zig:24   | Killed a juggernaut
172344 | Zig:24   | Found the +8 Vampire's Tooth {megavamp}
172394 | Zig:24   | Identified the +3 halberd "Satol" {heavy, Str+3 Dex+5}
172395 | Zig:24   | Identified the +1 short sword "Agearis" {antimagic, rElec
                  | Int+3 Stlth+}
172749 | Zig:25   | Entered Level 25 of a ziggurat
173019 | Zig:25   | Identified the +0 pair of boots of Precision Catastrophes
                  | {rElec rF- rCorr Dex+2}
173030 | Zig:25   | Identified the ring "Useeliut" {rPois Int+4}
173235 | Zig:26   | Entered Level 26 of a ziggurat
173934 | Zig:26   | Found the amulet of the Air {Inacc Air Fly rElec RMsl}
174012 | Zig:26   | Identified the +0 quarterstaff "Weosusec" {venom, rElec
                  | rN++ Int-3}
174015 | Zig:26   | Identified the +1 chain mail of the Seven Friends {Harm}
174019 | Zig:26   | Identified the ring "Nokirch" {rPois rN+ Will- Int+5 SInv}
174033 | Zig:26   | Identified the +4 trident of Inquiry {spect, Drain Str+5
                  | Dex+3}
174931 | Temple   | Upgraded the game from 0.30-a0-778-g2ef04afb54 to
                  | 0.30-a0-779-g7971cf19c3
174957 | Zig:1    | Entered Level 1 of a ziggurat
174989 | Zig:2    | Entered Level 2 of a ziggurat
175114 | Zig:3    | Entered Level 3 of a ziggurat
175243 | Zig:4    | Entered Level 4 of a ziggurat
175354 | Zig:4    | Identified the +8 dagger "Wiget" {holy, Int+3 SInv}
175391 | Zig:5    | Entered Level 5 of a ziggurat
175563 | Zig:6    | Entered Level 6 of a ziggurat
175622 | Zig:7    | Entered Level 7 of a ziggurat
175783 | Zig:8    | Entered Level 8 of a ziggurat
175805 | Zig:8    | Identified the ring "Vaib Iza" {rC+ Stlth+}
175940 | Zig:9    | Entered Level 9 of a ziggurat
175983 | Zig:9    | Identified the +1 battleaxe of Dyklycaq {venom, rN++ Str-3
                  | Stlth+}
176027 | Zig:10   | Entered Level 10 of a ziggurat
176106 | Zig:10   | Identified the +0 leather armour "Bioxkem" {rN+ rCorr}
176120 | Zig:10   | Reached skill level 5 in Staves
176172 | Zig:11   | Entered Level 11 of a ziggurat
176181 | Zig:11   | Noticed a royal mummy
176183 | Zig:11   | Noticed a royal mummy
176184 | Zig:11   | Killed a royal mummy
176186 | Zig:11   | Killed a royal mummy
176230 | Zig:11   | Found the +9 sword of Zonguldrok {reap}
176237 | Zig:11   | Identified the ring of the Empire {Will+ Stlth+}
176424 | Zig:12   | Entered Level 12 of a ziggurat
176470 | Zig:12   | Identified the +10 falchion of Eternal Vigilance {protect,
                  | *Rage Str+4}
176472 | Zig:12   | Identified the ring "Diempyd" {AC+4 Dex+3}
176487 | Zig:12   | Identified the amulet "Mime" {RegenMP Slay+4}
176494 | Zig:12   | Identified the +6 whip of Defiance {drain, +Blink}
176573 | Zig:13   | Entered Level 13 of a ziggurat
176585 | Zig:13   | Reached skill level 27 in Fire Magic
176638 | Zig:13   | Identified the ring "Weev" {rElec Int+5 Dex+6 Slay-3
                  | Stlth+}
176733 | Zig:14   | Entered Level 14 of a ziggurat
176832 | Zig:14   | Found the +5 Lochaber axe {reach-cleave, Poleaxe Drain}
176839 | Zig:14   | Identified the ring of Yfutsas {Int+6 Dex+3}
176847 | Zig:14   | Identified the +9 mace "Kuekkepn" {freeze, rC+ Will+ Int+5}
176853 | Zig:14   | Identified the ring "Sogo" {rF++ rCorr Str+2 Int+6}
177053 | Zig:15   | Entered Level 15 of a ziggurat
177259 | Zig:15   | Identified the +2 flail of War {venom, rPois SInv}
177275 | Zig:15   | Identified the ring "Zeggiwky" {Will+ Str+3 Dex+6 Stlth+}
177277 | Zig:15   | Identified the +1 chain mail "Deplig" {Dex+2 SInv}
177286 | Zig:15   | Identified the +1 kite shield "Eluemyoz" {rElec rPois rN+
                  | Slay+6 SInv}
177311 | Zig:15   | Acquired 1205 gold pieces
177391 | Zig:16   | Entered Level 16 of a ziggurat
177495 | Zig:16   | Found the +27 heavy crossbow "Sniper" {heavy, Acc+∞ SInv}
177551 | Zig:16   | Identified the ring "Qaissocwub" {+Blink rPois Dex+3}
177553 | Zig:16   | Identified the +8 short sword "Iwupa" {freeze, rPois rF+
                  | Str-4}
177668 | Zig:17   | Entered Level 17 of a ziggurat
177948 | Zig:17   | Identified the +4 whip of Ampe {venom, rN+ Int+5}
177976 | Zig:17   | Identified the ring of the Death Scarab {rElec rC+ rCorr
                  | Int+2 SInv}
178001 | Zig:17   | Identified the +2 robe "Dof Woux" {Harm *Corrode Stlth+}
178092 | Zig:18   | Entered Level 18 of a ziggurat
178104 | Zig:18   | Noticed Qamurph the pandemonium lord
178105 | Zig:18   | Noticed Bypp the pandemonium lord
178105 | Zig:18   | Noticed Yrakhaej the pandemonium lord
178106 | Zig:18   | Noticed Soqyval the pandemonium lord
178107 | Zig:18   | Noticed Biym Hei the pandemonium lord
178108 | Zig:18   | Killed Qamurph the pandemonium lord
178109 | Zig:18   | Killed Soqyval the pandemonium lord
178109 | Zig:18   | Noticed Alumobla the pandemonium lord
178110 | Zig:18   | Noticed Pixzaruh the pandemonium lord
178111 | Zig:18   | Killed Yrakhaej the pandemonium lord
178113 | Zig:18   | Killed Bypp the pandemonium lord
178117 | Zig:18   | Killed Biym Hei the pandemonium lord
178118 | Zig:18   | Killed Pixzaruh the pandemonium lord
178125 | Zig:18   | Killed Alumobla the pandemonium lord
178131 | Zig:18   | Noticed Boare the pandemonium lord
178132 | Zig:18   | Killed Boare the pandemonium lord
178406 | Zig:18   | Identified the ring of Harmony {Dex+2 SInv}
178420 | Zig:18   | Identified the +1 robe "Lehoxkun" {rCorr Int+3 Dex+4}
178436 | Zig:18   | Acquired the +4 pair of boots of Analysis {Int+4}
178566 | Zig:19   | Entered Level 19 of a ziggurat
178573 | Zig:19   | Noticed a juggernaut
178578 | Zig:19   | Killed a juggernaut
178586 | Zig:19   | Noticed a juggernaut
178591 | Zig:19   | Killed a juggernaut
178598 | Zig:19   | Noticed a juggernaut
178605 | Zig:19   | Killed a juggernaut
178606 | Zig:19   | Reached skill level 10 in Summonings
178609 | Zig:19   | Noticed a juggernaut
178617 | Zig:19   | Killed a juggernaut
178801 | Zig:19   | Identified the +1 fire dragon scales "Inoxum" {rElec rF++
                  | rC- rCorr Str-2 Dex+4}
178817 | Zig:19   | Identified the +4 ring mail of Qots {Rampage Will+}
178827 | Zig:19   | Identified the +9 long sword of Nightmares {venom, rF+ rN+
                  | Int+2}
178911 | Zig:20   | Entered Level 20 of a ziggurat
178931 | Zig:20   | Paralysed by an air elemental for 1 turns
178935 | Zig:20   | Found the +4 moon troll leather armour {Spirit, Regen++
                  | MP+5}
178985 | Zig:20   | Identified the +6 arbalest of the Well-Known Princes
                  | {penet, Contam Str+6 Stlth+}
179004 | Zig:20   | Identified the +3 sling "Dityz" {drain, rPois}
179012 | Zig:20   | Identified the +7 shortbow "Ciser" {speed, rPois rN++ Dex-3
                  | Stlth+}
179014 | Zig:20   | Identified the +9 demon whip "Nahefol" {vamp, rElec Will+++
                  | rCorr Dex-5}
179035 | Zig:20   | Identified the ring "Oqezuyhy" {rN+ Will+ rCorr Str+2}
179142 | Zig:21   | Entered Level 21 of a ziggurat
179228 | Zig:21   | Identified the +1 spear "Transmigrator" {heavy, rCorr}
179237 | Zig:21   | Identified the +10 quarterstaff of Doom {freeze, rF+ Dex+4
                  | SInv}
179246 | Zig:21   | Identified the +7 mace of Fimbulwinter {heavy, *Slow rPois
                  | Str+2 Dex+4}
179383 | Zig:22   | Entered Level 22 of a ziggurat
179443 | Zig:22   | Identified the +4 triple sword of the Exiled Stars {freeze,
                  | Str+4}
179471 | Zig:22   | Identified the +12 hand axe of Premature Burial {elec, rF+
                  | rC++}
179517 | Zig:22   | Identified the +9 short sword "X" {flame, rF++ rCorr Int-2
                  | Dex+3 Stlth-}
179522 | Zig:22   | Identified the +5 halberd of the Lame Duck {drain, rElec
                  | rPois rF- Dex+6}
179682 | Zig:23   | Entered Level 23 of a ziggurat
179718 | Zig:23   | Reached skill level 27 in Necromancy
180092 | Zig:24   | Entered Level 24 of a ziggurat
180107 | Zig:24   | Noticed an ancient lich
180111 | Zig:24   | Killed an ancient lich
180118 | Zig:24   | Noticed a dread lich
180121 | Zig:24   | Killed a dread lich
180121 | Zig:24   | Noticed an ancient lich
180121 | Zig:24   | Noticed a dread lich
180123 | Zig:24   | Killed a dread lich
180123 | Zig:24   | Killed an ancient lich
180132 | Zig:24   | Reached skill level 27 in Earth Magic
180305 | Zig:24   | Identified the +1 ring mail of Makhleb {-Tele Dex+3 Stlth+}
180318 | Zig:24   | Identified the +11 broad axe of Yredelemnul, Building
                  | {flame, rPois rN++ Int-3}
180321 | Zig:24   | Identified the +5 ring mail of Mysticism {Rampage rN+
                  | Int+3}
180443 | Zig:25   | Entered Level 25 of a ziggurat
180737 | Zig:25   | Identified the ring of Qimiops {Fly rF+ rC+ Int-4 SInv}
180742 | Zig:25   | Identified the +5 short sword "Beastslayer" {flame, rC+
                  | Will+ MP+9}
180743 | Zig:25   | Identified the ring of the Tempest {rF++ EV+5 Int+3 Slay+5}
180753 | Zig:25   | Identified the +3 shortbow of Magnificence {flame, rCorr
                  | Int-5 Stlth+}
180758 | Zig:25   | Identified the +10 mace of the Seven Beasts {elec, Contam
                  | rF++ Str+2}
180760 | Zig:25   | Identified the ring of Fragile Peace {rPois rC+ Dex+4}
180769 | Zig:25   | Identified the +5 shortbow of the Beloved God {heavy, rN+}
180842 | Zig:26   | Entered Level 26 of a ziggurat
180974 | Zig:26   | Identified the +2 robe of the Louse {Int+3 Dex+3}
181002 | Zig:26   | Identified the +1 leather armour of Darkness {rElec rCorr
                  | Str+3}
181007 | Zig:26   | Identified the +7 whip "Yxkefug" {speed, Str+3}
181149 | Zig:27   | Entered Level 27 of a ziggurat
181171 | Zig:27   | Learned a level 9 spell: Polar Vortex
181643 | Zig:27   | Learned a level 9 spell: Fire Storm
181656 | Zig:27   | Identified the +1 rapier of Karma {heavy, +Blink Dex+3}
181657 | Zig:27   | Identified the +3 ring mail of the Thistle {*Slow Dex+7}
181659 | Zig:27   | Identified the +5 arbalest of Dim Light {drain, rF+ Will-
                  | rCorr Str+2 Dex+3}
181667 | Zig:27   | Identified the +9 plate armour "Kyopascho" {rCorr Int-4
                  | Dex-2 Stlth+}
181672 | Zig:27   | Identified the +0 quarterstaff of Deepu {freeze, Fly}
181703 | Zig:27   | Identified the ring of Ymnuav {MP+9 Str+6 SInv}
182342 | Zot:5    | Got the Orb of Zot
182363 | Zot:5    | Noticed a seraph
182372 | Zot:5    | Identified the +3 buckler of the Spheres {rC+ Regen+
                  | Stlth+}
182902 | D:$      | Escaped with the Orb!

Illustrated notes

Levels and vault maps discovered:
D:1:      minmay_arrival_hallway, layout_loops_ring
D:2:      layout_basic, roderic_lattice_a, uniq_sigmund, uniq_terence
D:3:      layout_basic, overflow_temple_1_default,
          shapermc_ecumenical_altar_starsandcircs, grunt_ministairs_2
D:4:      layout_gridville, uniq_blork_the_orc
D:5:      layout_basic, serial_shops, nicolae_diamond_shop, saegor_snake_ambush
D:6:      layout_cave_pods, temple_doors_e, enter_ossuary_4, uniq_edmund,
          uniq_menkaure, uniq_duvessa
D:7:      layout_loops_corners, kennysheep_mini_moat, serial_undead,
          serial_undead_b, serial_undead_f, serial_undead_f, serial_undead_f
D:8:      minmay_the_grid_octo_triangle [minmay_the_grid_octo_toaster,
          minmay_the_grid_octo_prize_big_c, minmay_the_grid_octo_teeth],
          layout_loops_corners
D:9:      layout_cave_pools, minmay_hedge_maze
D:10:     layout_loops_ring, hiddenorc1_lemuel, serial_shops,
          nicolae_square_shop, enter_bailey_2, nicolae_diode_intersection,
          uniq_joseph, uniq_psyche
D:11:     layout_basic, lair_entry_dummy, serial_shops,
          nicolae_shop_competitors_out_of_business, nicolae_shop_behind_doors,
          nicolae_shop_trees, ebering_ghost_inner_flame, uniq_snorg
D:12:     layout_roguey, feat_on_display
D:13:     layout_roguey, lightli_vaults_fourway_checkpoint, serial_shops, shop
D:14:     nzn_winding_woodlands_large [nzn_winding_woodlands_5x5_closed_star,
          nzn_winding_woodlands_5x15_zeroes,
          nzn_winding_woodlands_5x5_checkerboard,
          nzn_winding_woodlands_center_pierced_h,
          nzn_winding_woodlands_15x15_five_gardens,
          nzn_winding_woodlands_center_garden,
          nzn_winding_woodlands_5x5_default, nzn_winding_woodlands_5x15_garden,
          nzn_winding_woodlands_5x5_open_star], layout_irregular_city,
          nicolae_trove_entry_columns, minmay_misc_feat_diagonals, uniq_louise
D:15:     gammafunk_depths_entry_grave, layout_long_grid,
          okawaru_metal_pillars_1_2, uniq_agnes, uniq_roxanne
Temple:   nicolae_temple_bog_church
Lair:1:   layout_gridlike, uniq_amaemon, uniq_gastronok
Lair:2:   layout_misc_corridors, spider_nest_entry_web_field,
          infiniplex_staircase_pool_2, uniq_harold
Lair:3:   pond_and_an_island_with_a_cottage, layout_hall_layers,
          minmay_shoals_entry_hut
Lair:4:   layout_roguey [special_room_bee], slime_entry_1
Lair:5:   hellmonk_lair_end_abyssal_woods, layout_misc_corridors,
          serial_bayou_shore_b, uniq_nessos
Shoals:1: layout_shoals, uniq_frances
Shoals:2: nzn_motion_control, layout_shoals, nicolae_shoals_kraken_intersection
Shoals:3: layout_shoals, serial_shops, nicolae_shop_statue_plus, shop, shop,
          nicolae_shop_dragon_depot, nicolae_shoals_hunting_party,
          uniq_polyphemus, uniq_mara
Shoals:4: shoals_end_hangedman, layout_shoals, nicolae_shoals_drake_roost
Spider:1: layout_cave_pods, nicolae_spider_claw_tunnel
Spider:2: nicolae_spider_hilbert_zone_6 [nicolae_spider_hilbert_4_sides_1_open,
          nicolae_spider_hilbert_4_sides_1_open,
          nicolae_spider_hilbert_4_sides_1_open,
          nicolae_spider_hilbert_4_sides_1_open,
          nicolae_spider_hilbert_4_sides_1_open,
          nicolae_spider_hilbert_4_sides_1_open,
          nicolae_spider_hilbert_4_sides_1_open]
Spider:3: layout_spider_delve, nicolae_spider_altar_of_dancing,
          hangedman_spider_tarantella_strand, uniq_arachne, uniq_kirke
Spider:4: grunt_spider_rune_circles
Slime:1:  nicolae_slime_jelly_donut, layout_caves
Slime:2:  layout_caves, cheibrodos_slime_lost_civilization_6
Slime:3:  layout_caves, nicolae_slime_getting_an_eyeful
Slime:4:  layout_caves
Slime:5
Orc:1:    layout_diamond_mine, basic_altar, serial_shops, shop_fountains,
          nicolae_shop_temple_entry_statues_fountains, shop, shop,
          uniq_josephine
Orc:2:    grunt_orc_tribal_feast, layout_caves, serial_shops,
          nicolae_shop_hallway_plus, uniq_donald
Elf:1:    minmay_elf_arrival_plus, layout_loops_corners, serial_shops,
          nicolae_shop_overgrown_old_shop, minmay_elf_annihilation,
          evilmike_minifort
Elf:2:    nicolae_elf_blades_crystal_corner, layout_loops_corners
Elf:3:    grunt_elf_hall_branching, layout_gridlike, serial_shops,
          nicolae_shop_bloodbath_and_beyond
Vaults:1: hangedman_vaults_maws, vaults_room_ringed_pool,
          hangedman_vaults_hard_town_square, v_misc_10,
          vaults_dpeg_emergency_exit, layout_vaults_quadrants
Vaults:2: nicolae_vaults_little_squares_4, hangedman_vaults_slice,
          nicolae_vaults_yaktaur_gun_rack, ontoclasm_vaults_hangar, v_pattern_3,
          hangedman_vaults_slice, ontoclasm_vaults_loading_screen,
          hangedman_vaults_nails, grunt_vaults_swirl,
          vaults_room_stairs_pillars, grunt_vaults_bifocal, vaults_mumra_lcd,
          vaults_dpeg_encased_lava, layout_vaults_omnibox
Vaults:3: portal_desolation_entry_salt, vaults_room_corners, st_cells,
          vaults_mumra_hex, nicolae_vaults_ring_of_whatevers,
          nicolae_vaults_inception_scallops, v_alt_pattern_6,
          nicolae_vaults_three_branches, vaults_dpeg_diagonal,
          vaults_mumra_hexcomb, nicolae_vaults_little_squares_4,
          nicolae_vaults_shelves_hall, layout_vaults_chaotic_city
Vaults:4: vaults_room_door_hall, v_misc_14, nicolae_vaults_twisting_passages,
          ontoclasm_vaults_fault, v_misc_5, hangedman_vaults_stream, v_misc_16,
          layout_vaults_ring
Vaults:5: serial_shops, uniq_saint_roka
Crypt:1:  layout_catacombs, grunt_ministairs_2, uniq_jory, uniq_boris,
          uniq_zenata
Crypt:2:  layout_gridlike, st_stairs_14
Crypt:3:  church_of_pain_bobbens, layout_chaotic_city, tomb_entry_simple_bobbens
Tomb:1
Tomb:2
Tomb:3
Depths:1: layout_roguey, grunt_hell_entry_dis_old, serial_shops,
          kennysheep_mini, hangedman_abyss_or_decor_stabs, nicolae_shop_gadgets,
          uniq_enchantress
Depths:2: kennysheep_scales, layout_cave_pools, pf_coc_iceberg,
          rand_demon_pan_entry_5, hangedman_abyss_or_decor_lesser_grid,
          st_stairs_9, hangedman_aviary
Depths:3: minmay_rotating_shell, layout_gridlike, enter_ziggurat_f,
          minmay_stone_trees_small, abyss_entry, pf_vacation_house_of_asmodeus,
          uniq_mennas, uniq_margery
Depths:4: grunt_crosshair, layout_gridlike, hell_entry, serial_shops,
          bzr_entry_water, kennysheep_underground_church, uniq_josephina
Hell
Dis:1:    layout_overlapping_boxes, glass_columns_a
Dis:2:    layout_regular_city, nicolae_dis_spooky_hallway
Dis:3:    layout_regular_city
Dis:4:    layout_subdivisions
Dis:5:    layout_gridville
Dis:6:    layout_gridville
Dis:7:    dis_grunt_layers
Geh:1:    layout_gehenna_pools_box, nicolae_geh_lava_shack
Geh:2:    layout_gehenna_lava_caves
Geh:3:    layout_gehenna_lava_caves
Geh:4:    layout_gehenna_pools_basic, minmay_fire_ice_demons
Geh:5:    layout_gehenna_lava_caves
Geh:6:    layout_gehenna_pools_box
Geh:7:    evilmike_geh
Coc:1:    layout_cocytus_delve
Coc:2:    layout_cocytus_delve
Coc:3:    nicolae_coc_bergin, layout_cocytus_water_paths
Coc:4:    layout_ice_bergs
Coc:5:    layout_ice_bergs
Coc:6:    layout_ice_bergs
Coc:7:    coc_old
Tar:1:    layout_grid_maze
Tar:2:    layout_grid_maze
Tar:3:    layout_cathedral_of_symmetry
Tar:4:    layout_cathedral_of_symmetry, nicolae_tar_liches_on_tour
Tar:5:    layout_cathedral_of_symmetry, nicolae_tar_combstack
Tar:6:    layout_honeycomb, nicolae_hells_hurtin_island
Tar:7:    tar_old
Zot:1:    layout_misc_corridors
Zot:2:    layout_twisted_circle, hangedman_hellfire_club, grunt_megastairs_2
Zot:3:    layout_gridlike
Zot:4:    lemuel_acid_trip, layout_cathedral_of_symmetry
Zot:5:    layout_basic, gammafunk_ghost_berserking_beasts,
          nicolae_transmutations_shop, uniq_tiamat

Skill      XL: |  1  2  3  4  5  6  7  8  9 10 11 12 13 14 15 16 17 18 19 20 21 22 23 24 25 26 27 |
---------------+----------------------------------------------------------------------------------+-----
Conjurations   | 5 6 7 8 9 10 11 13 14 15 16 17 18 19 20 21 22 23 27 | 27.0
Fighting       | 1 2 3 4 5 6 7 8 9 10 11 12 13 24 | 24.6
Dodging        | 3 4 6 7 8 9 10 11 12 13 14 15 16 17 18 27 | 27.0
Stealth        | 3 4 5 6 7 9 |  9.2
Spellcasting   | 4 5 6 7 9 11 12 14 15 17 18 19 21 22 23 24 26 27 | 27.0
Hexes          | 2 3 4 6 7 9 11 12 13 14 15 16 17 18 22 | 22.2
Short Blades   | 1 2 3 4 5 8 |  8.6
Armour         | 2 3 4 5 6 7 8 9 22 | 22.3
Translocations | 1 2 3 4 |  4.0
Evocations     | 1 2 23 | 23.1
Fire Magic     | 3 4 6 7 8 9 10 11 12 13 14 16 17 18 27 | 27.0
Earth Magic    | 1 3 5 7 8 9 10 11 12 13 14 16 18 27 | 27.0
Necromancy     | 4 5 7 8 9 10 11 12 13 14 15 27 | 27.0
Throwing       | 1 21 | 21.5
Shields        | 1 3 4 5 6 7 8 9 20 | 20.0
Transmutations | 1 4 6 8 20 | 20.6
Summonings     | 13 | 13.3
Ice Magic      | 23 | 23.7
Staves         | 8 |  8.2
Axes           | 8 |  8.0

Action                     |  1- 3 |  4- 6 |  7- 9 | 10-12 | 13-15 | 16-18 | 19-21 | 22-24 | 25-27 || total
---------------------------+-------+-------+-------+-------+-------+-------+-------+-------+-------++-------
  Melee: Dagger            |    10 |    43 |       |       |       |       |       |       |       ||    53
         Short sword       |       |     4 |   120 |    91 |   134 |    14 |     9 |    13 |   469 ||   854
         Punch             |       |       |     1 |       |       |       |       |       |       ||     1
  Throw: Javelin           |       |       |     6 |     4 |     1 |       |       |       |     7 ||    18
         Throwing net      |       |       |       |     7 |     6 |     4 |       |       |     7 ||    24
   Cast: Magic Dart        |    40 |    11 |    10 |     3 |       |       |       |       |       ||    64
         Searing Ray       |     4 |    13 |    28 |    25 |       |       |       |       |       ||    70
         Fulminant Prism   |       |    13 |    38 |   200 |    94 |     7 |     9 |       |       ||   361
         Iskenderun's Myst |       |       |     6 |    68 |    26 |    42 |    19 |     2 |       ||   163
         Fireball          |       |       |       |    13 |    83 |   239 |    45 |     8 |       ||   388
         Orb of Destructio |       |       |       |    13 |   137 |   171 |   218 |   153 |   969 ||  1661
         Iron Shot         |       |       |       |     6 |   160 |    36 |       |       |       ||   202
         Sublimation of Bl |       |       |       |       |     3 |     6 |     6 |    10 |    20 ||    45
         Borgnjor's Vile C |       |       |       |       |    11 |    62 |    29 |    22 |   169 ||   293
         Lehudib's Crystal |       |       |       |       |       |    78 |   218 |   162 |  1113 ||  1571
         Spellforged Servi |       |       |       |       |       |     1 |     3 |     5 |   346 ||   355
         Discord           |       |       |       |       |       |     3 |    53 |    23 |   109 ||   188
         Ignition          |       |       |       |       |       |       |    50 |   116 |   497 ||   663
         Fire Storm        |       |       |       |       |       |       |     1 |   110 |   683 ||   794
         Shatter           |       |       |       |       |       |       |       |     7 |   229 ||   236
         Necromutation     |       |       |       |       |       |       |       |       |   637 ||   637
         Death's Door      |       |       |       |       |       |       |       |       |     2 ||     2
         Polar Vortex      |       |       |       |       |       |       |       |       |     1 ||     1
Ability: End Transformatio |       |       |       |       |       |       |       |       |    21 ||    21
  Evoke: Wand              |       |       |     1 |    13 |     5 |    12 |       |       |    13 ||    44
         Phantom mirror    |       |       |       |     1 |       |       |       |       |     1 ||     2
         Condenser vane    |       |       |       |     1 |       |     2 |       |       |       ||     3
         Tin of tremorston |       |       |       |       |       |       |       |     1 |       ||     1
         Horn of Geryon    |       |       |       |       |       |       |       |       |    11 ||    11
         Lightning rod     |       |       |       |       |       |       |       |       |     4 ||     4
         Figurine of a zig |       |       |       |       |       |       |       |       |     1 ||     1
    Use: Potion            |       |       |       |     7 |     6 |     6 |     4 |     5 |    77 ||   105
         Scroll            |       |       |       |    22 |    10 |    10 |     2 |     5 |    36 ||    85
   Stab: Sleeping          |     4 |     5 |     6 |     3 |     2 |     3 |     6 |     7 |     9 ||    45
         Distracted        |       |     1 |       |       |       |       |       |       |     7 ||     8
         Held in net/web   |       |       |       |     3 |     1 |     1 |       |       |       ||     5
 Armour: Leather armour    |       |     4 |    49 |    76 |   127 |    47 |    37 |    16 |   194 ||   550
         Robe              |       |     1 |       |       |       |       |       |       |       ||     1
  Dodge: Dodged            |     6 |    37 |    89 |   144 |   185 |    97 |   138 |    68 |   876 ||  1640
  Block: Buckler           |       |       |       |       |       |     3 |    53 |    27 |   109 ||   192
         Reflection        |       |       |       |       |       |     3 |    15 |     5 |    44 ||    67
         Kite shield       |       |       |       |       |       |       |       |       |   536 ||   536

Table legend: (Time is in decaauts)
 A = Elapsed time spent in this place.
 B = Non-inter-level travel time spent in this place.
 C = Inter-level travel time spent in this place.
 D = Time resting spent in this place.
 E = Time spent auto-exploring this place.
 F = Levels seen in this place.
 G = Mean time per level.
                   A        B        C        D        E       F      G
               +--------+--------+--------+--------+--------+-----+--------+
         Total | 183496 | 152944 |  30552 |  56201 |  40725 | 172 | 1066.8 |
       Dungeon |  37883 |  23832 |  14051 |   9721 |   8576 |  15 | 2525.5 |
        Temple |   1744 |   1586 |    158 |    333 |    148 |   1 | 1744.0 |
          Lair |  11837 |  10300 |   1537 |   5424 |   3015 |   5 | 2367.4 |
        Shoals |   6459 |   5638 |    821 |   1914 |   2142 |   4 | 1614.8 |
   Spider Nest |   5349 |   4844 |    505 |   1503 |   2338 |   4 | 1337.2 |
    Slime Pits |   4453 |   4059 |    394 |    961 |   1659 |   5 |  890.6 |
  Orcish Mines |   3774 |   2545 |   1229 |    978 |    595 |   2 | 1887.0 |
   Elven Halls |   7083 |   6060 |   1023 |   2144 |   1283 |   3 | 2361.0 |
        Vaults |  11267 |   8725 |   2542 |   2421 |   3170 |   5 | 2253.4 |
         Crypt |   6285 |   5908 |    377 |   2628 |   2099 |   3 | 2095.0 |
          Tomb |   4572 |   3847 |    725 |   1434 |    183 |   3 | 1524.0 |
        Depths |   9574 |   6567 |   3007 |   2793 |   1729 |   4 | 2393.5 |
          Hell |   1106 |    898 |    208 |    281 |    269 |   1 | 1106.0 |
           Dis |   5665 |   4986 |    679 |   2383 |    337 |   7 |  809.3 |
       Gehenna |   6146 |   5531 |    615 |   1598 |    741 |   7 |  878.0 |
       Cocytus |   4743 |   4025 |    718 |   1606 |   1308 |   7 |  677.6 |
      Tartarus |   4529 |   4056 |    473 |   1633 |    535 |   7 |  647.0 |
           Zot |  10442 |   8960 |   1482 |   3859 |   2376 |   5 | 2088.4 |
         Abyss |   3135 |   3135 |      0 |     65 |   1352 |  15 |  209.0 |
   Pandemonium |  20533 |  20533 |      0 |   6834 |   6038 |  12 | 1711.1 |
      Ziggurat |  14438 |  14438 |      0 |   5092 |    738 |  53 |  272.4 |
        Bazaar |     31 |     31 |      0 |      0 |      0 |   1 |   31.0 |
         Trove |    222 |    222 |      0 |      0 |      0 |   1 |  222.0 |
       Ossuary |    649 |    649 |      0 |    142 |     91 |   1 |  649.0 |
    Desolation |   1565 |   1565 |      0 |    452 |      0 |   1 | 1565.0 |
               +--------+--------+--------+--------+--------+-----+--------+

Top non-repeatable levels by time:
     D:8: 5121 daAuts
  Lair:5: 4164 daAuts
     D:7: 3959 daAuts
    D:14: 3664 daAuts
   Zot:5: 3490 daAuts
   Geh:7: 3367 daAuts
   Elf:3: 3156 daAuts
     D:6: 3070 daAuts
    D:12: 3060 daAuts
    D:11: 3020 daAuts
Depths:3: 3011 daAuts
   Dis:7: 2952 daAuts
    D:13: 2937 daAuts
    D:10: 2915 daAuts
  Lair:4: 2859 daAuts
